 Dungeon Crawl Stone Soup version 0.31-a0-640-g39d97e502b (webtiles) character file.

Game seed: 12424568172954434098

463354 scionoferis the Sorcerer (level 25, -2/163 HPs)
             Began as a Djinni Hedge Wizard on Aug 26, 2023.
             Was the Champion of Makhleb.
             Slain by a phantasmal warrior (23 damage)
             ... led by a vampire knight
             ... on level 1 of the Crypt on Aug 27, 2023.
             The game lasted 05:34:34 (68748 turns).

scionoferis the Sorcerer (Djinni Hedge Wizard)     Turns: 68748, Time: 05:34:34

Health: -2/163     AC: 29    Str: 14      XL:     25   Next: 75%
Gold:   3095       EV: 20    Int: 29 (30) God:    Makhleb [******] SH: 17 Dex: 24

rFire   + + .        a - +5 demon blade "Impbane" {pain, rPois Str+3 Int+2}
rCold   + + .        R - +2 kite shield {reflect}
rNeg    + + +        f - +7 ice dragon scales
rPois   ∞            F - -2 hat of the Alchemist {rElec rPois rF+ rC+ rN+ Will+ rMut rCorr}
rElec   +            E - +1 cloak of Deirreyx {*Corrode Will+ Dex+3}
rCorr   +            e - +3 pair of gauntlets of War {Slay+5}
SInv    .            (boots unavailable)
Will    ++...        c - macabre finger necklace {Finger+ rN+}
Stlth   +++          g - +4 ring of protection
HPRegen 0.47/turn    U - ring "Burghehe" {EV+5 Int+5 Dex+2}
MPRegen 0.00/turn    v - ring "Haorph" {Fly rN+ Dex+3}

%: corrode self (3%), reflection, resist mutation, infuse magic (-3 HP)
@: weak-willed, flying, studying Unarmed Combat
A: sickness immunity, fire resistance 2, cold vulnerability 1, float, innate
caster, HP casting, extra vitality 1, deterioration 1
}: 2/15 runes: decaying, serpentine
a: Renounce Religion, Minor Destruction, Lesser Servant of Makhleb, Major
Destruction, Greater Servant of Makhleb


You were on level 1 of the Crypt.
You worshipped Makhleb.
Makhleb was exalted by your worship.
You visited 11 branches of the dungeon, and saw 47 of its levels.
You visited 1 bazaar.
You also visited: Trove, Ossuary, Gauntlet and Wizlab.

You collected 6256 gold pieces.
You spent 3161 gold pieces at shops.


Innate Abilities, Weirdness & Mutations

You are immune to sickness and miasma.
You are immune to poison.
Your flesh is very heat resistant. (rF++)
You are vulnerable to cold. (rC-)
You float through the air rather than walking.
You learn spells naturally, not from books.
Your magical power is your life essence.
You have superior vitality. (+4 MHP)
Your body sometimes deteriorates upon taking damage.


   Skills:
 - Level 10.0 Fighting
 + Level 15.7 Long Blades
 * Level 11.4 Armour
 - Level 10.0 Dodging
 - Level 10.0 Stealth
 - Level 15.0 Shields
 * Level 22.7 Spellcasting
 * Level 22.7 Conjurations
 * Level 22.7 Hexes
 * Level 22.7 Summonings
 * Level 22.7 Necromancy
 * Level 22.7 Translocations
 * Level 22.7 Transmutations
 * Level 22.7 Fire Magic
 * Level 22.7 Ice Magic
 * Level 22.7 Air Magic
 * Level 22.7 Earth Magic
 * Level 22.7 Poison Magic
 - Level 12.0 Evocations


You knew the following spells:

 Your Spells              Type           Power      Damage    Failure   Level
a - Magic Dart            Conj           100%       1d8       0%          1
b - Slow                  Hex            100%       N/A       0%          1
c - Blink                 Tloc           100%       N/A       0%          2
d - Call Imp              Summ           100%       N/A       0%          2
e - Mephitic Cloud        Conj/Pois/Air  100%       N/A       0%          3
f - Sandblast             Erth           100%       2d20      0%          1
g - Poisonous Vapours     Pois/Air       100%       N/A       0%          2
h - Stone Arrow           Conj/Erth      100%       3d13      0%          3
i - Frozen Ramparts       Ice            100%       1d16      0%          3
j - Summon Lightning Spi  Summ/Air       100%       N/A       0%          4
k - Alistair's Intoxicat  Tmut/Pois      70%        N/A       1%          5
l - Dispersal             Tloc           52%        N/A       1%          6
m - Summon Hydra          Summ           52%        N/A       1%          7
n - Malign Gateway        Summ/Tloc      52%        N/A       1%          7
o - Discord               Hex            52%        N/A       4%          8
p - Lehudib's Crystal Sp  Conj/Erth      52%        10d12     4%          8
q - Borgnjor's Revivific  Necr           52%        N/A       4%          8
Your spell library was empty.

Inventory:

Hand Weapons
 a - the +5 demon blade "Impbane" (weapon) {pain, rPois Str+3 Int+2}
   (You acquired it on level 2 of the Orcish Mines)

   Str+3:     It affects your strength (+3).
   Int+2:     It affects your intelligence (+2).
   rPois:     It protects you from poison
 d - a +0 dagger of speed
   (You took it off a goblin on level 4 of the Dungeon)
 h - the +7 hand cannon "Mule" {flame, backblast, rF+}
   (You found it on level 3 of the Elven Halls)

   rF+:       It protects you from fire.
Missiles
 i - 4 javelins
 m - 4 throwing nets
 n - 6 curare-tipped darts
 T - 40 poisoned darts
Armour
 e - the +3 pair of gauntlets of War (worn) {Slay+5}
   (You found it in a treasure trove)

   Slay+5:    It affects your accuracy & damage with ranged weapons and melee
   (+5).
 f - +7 ice dragon scales (worn)
   (You found it on level 2 of the Depths)
 E - the +1 cloak of Deirreyx (worn) {*Corrode Will+ Dex+3}
   (You found it in a treasure trove)

   Dex+3:     It affects your dexterity (+3).
   Will+:     It increases your willpower.
   *Corrode:  It may corrode you when you take damage.
 F - the -2 hat of the Alchemist (worn) {rElec rPois rF+ rC+ rN+ Will+ rMut rCorr}
   (You found it in a treasure trove)

   rF+:       It protects you from fire.
   rC+:       It protects you from cold.
   rElec:     It insulates you from electricity.
   rPois:     It protects you from poison rN+: It protects you from negative
   energy.
   Will+:     It increases your willpower.
   rCorr:     It protects you from acid and corrosion.
   rMut:      It protects you from mutation.
 R - a +2 kite shield of reflection (worn)
   (You took it off a naga warrior on level 3 of the Snake Pit)
Jewellery
 c - the macabre finger necklace (around neck) {Finger+ rN+}
   (You took it off a deep elf annihilator on level 3 of the Elven Halls)

   [amulet of nothing]

   Finger+:   It enables you to equip an extra ring.
   rN+:       It protects you from negative energy.
 g - a +4 ring of protection (left hand)
   (You took it off a deep elf pyromancer on level 1 of the Elven Halls)
 t - the ring of Juisk {Str+4 Dex+5 SInv}
   (You found it in a Gauntlet)

   [ring of see invisible]

   Str+4:     It affects your strength (+4).
   Dex+5:     It affects your dexterity (+5).
   SInv:      It lets you see invisible.
 v - the ring "Haorph" (on amulet) {Fly rN+ Dex+3}
   (You found it on level 2 of the Snake Pit)

   [ring of flight]

   Dex+3:     It affects your dexterity (+3).
   rN+:       It protects you from negative energy.
   Fly:       It grants you flight.
 U - the ring "Burghehe" (right hand) {EV+5 Int+5 Dex+2}
   (You found it in a Gauntlet)

   [ring of evasion]

   EV+5:      It affects your evasion (+5).
   Int+5:     It affects your intelligence (+5).
   Dex+2:     It affects your dexterity (+2).
Wands
 J - a wand of paralysis (16)
   (You found it in a Gauntlet)
 K - a wand of iceblast (44)
   (You took it off Maggie on level 8 of the Dungeon)
 L - a wand of mindburst (26)
   (You bought it in a shop on level 12 of the Dungeon)
 N - a wand of light (16)
   (You found it on level 1 of the Lair of Beasts)
 O - a wand of digging (9)
   (You found it on level 10 of the Dungeon)
Scrolls
 k - a scroll of butterflies
 p - 7 scrolls of vulnerability
 x - 9 scrolls of fog
 y - 4 scrolls of revelation
 B - a scroll of silence
 D - 8 scrolls of fear
 P - 8 scrolls of poison
 V - 5 scrolls of blinking
 W - 15 scrolls of teleportation
 X - 7 scrolls of identify
Potions
 b - 6 potions of invisibility
 j - 19 potions of curing
 l - 9 potions of brilliance
 o - 4 potions of enlightenment
 q - 3 potions of heal wounds
 s - 14 potions of haste
 u - 3 potions of might
 z - a potion of attraction
 M - 6 potions of mutation
 Z - 2 potions of resistance
Miscellaneous
 r - a phantom mirror
   (You found it on level 4 of the Snake Pit)
 w - a phial of floods
   (You found it on level 2 of the Snake Pit)
 C - a lightning rod (4/4)
   (You found it on level 4 of the Lair of Beasts)
 G - a box of beasts
   (You found it on level 1 of the Vaults)
 S - a tin of tremorstones (2/2)
   (You found it in a Gauntlet)

Dungeon Overview and Level Annotations

Branches:
Dungeon (15/15)            Temple (1/1) D:4            Lair (5/5) D:10
  Swamp (4/4) Lair:2        Snake (4/4) Lair:2        Slime (4/5) Lair:4
    Orc (2/2) D:12            Elf (3/3) Orc:2        Vaults (4/5) D:14
  Crypt (1/3) Vaults:3     Depths (4/4) D:15            Zot (0/5) Depths:4
Ossuary (visited)          WizLab (visited)         Gauntlet (visited)

Altars:
Ashenzari
Cheibriados
Dithmenos
Elyvilon
Fedhas
Gozag
Hepliaklqana
Makhleb
Nemelex Xobeh
Okawaru
Qazlal
Ru
Trog
Uskayaw
Wu Jian
Xom
Yredelemnul
Zin
The Shining One
Jiyva

Shops:
D:12 *   Orc:1 =   Orc:2 *(*!   Snake:1 ?(!:   Vaults:2 (?*?   Depths:2 [

Portals:
Hell: Depths:1 Depths:2 Depths:3 Depths:4
Abyss: Depths:3 Depths:4
Pandemonium: Depths:1 Depths:2
Ziggurat: Depths:3

Annotations:
Elf:2 3 runed translucent doors
Vaults:5 ! DANGER

#.......# +###
#.......# ...Z.
#..(....# .....
##......# ...z..
#''###########......
## #..# #.z..'......
8# #..# #....'z..z..
^##
#..######z####..zz..
^8# #......@W.#
##### ^.####
#.........# .⌠##.##
#.#######.#
.^##..####.# #.#
.8##...'...# #..
.###...'...# #... 8#
#...##### ##### ##
#####


You could see a skeletal warrior and a phantasmal warrior.


Message History

Your lightning spire shoots out a bolt of lightning at the slime creature!
The bolt of electricity hits the slime creature.
The bolt of electricity hits the slime creature!!
The slime creature dies!
Makhleb accepts your kill.
You hit the slime creature.
The slime creature writhes in agony!
The slime creature is heavily wounded.
A slime creature comes into view.
You block the slime creature's attack.
You slice the slime creature!!
The slime creature is almost dead.
You slash the slime creature!
You kill the slime creature!
Makhleb accepts your kill.
Your lightning spire shoots out a bolt of lightning at the slime creature!
The bolt of electricity hits the slime creature!!
The bolt of electricity hits the slime creature!
Your lightning spire shoots out a bolt of lightning at the slime creature!
The bolt of electricity hits the slime creature!! x2
You hit the slime creature.
You kill the slime creature!
Makhleb accepts your kill.
You completely miss the slime creature.
The slime creature is heavily wounded.
Your lightning spire disappears in a puff of smoke!
The slime creature barely misses you.
You slash the slime creature!
The slime creature writhes in agony.
The slime creature is almost dead.
Unknown command.
You slice the slime creature!!
You kill the slime creature!
Makhleb accepts your kill. The slime creature hits you!
You slash the slime creature!
The slime creature writhes in agony.
The slime creature is moderately wounded.
You block the slime creature's attack.
You slash the slime creature!
The slime creature writhes in agony!
The slime creature is severely wounded.
You slash the slime creature!
The slime creature writhes in agony.
You kill the slime creature!
Makhleb accepts your kill.
You feel better.
You start resting.
HP restored.
A shining eye comes into view.
Casting: Stone Arrow (safe; 0% risk of failure)
Confirm with . or Enter, or press ? or * to list all spells.
A 12-headed hydra appears.
The shining eye turns its gaze towards you.
The shining eye gazes at you.
Strange energies course through your body.
You feel yourself wasting away.
Casting: Summon Hydra (mildly dangerous; 1% risk of failure)
Confirm with . or Enter, or press ? or * to list all spells.
An electric hum fills the air.
Your 12-headed hydra bites the shining eye!
Your 12-headed hydra barely misses the shining eye.
Your 12-headed hydra bites the shining eye! x3
The shining eye dies!
Makhleb accepts your kill.
Your 12-headed hydra disappears in a puff of smoke!
A sourceless malevolence fills the Pits of Slime...
With a horrendous wail, an alarm goes off!
A sentinel's mark forms upon you.
An acid blob comes into view.
Acid dripping from the walls corrodes you.
The acid blob spits acid at you. The splash of acid hits you! You resist.
Your lightning spire shoots out a bolt of lightning at the acid blob!
The bolt of electricity hits the acid blob!
There is a stone staircase leading up here.
You fly upwards.
There is a stone staircase leading down here.
You start waiting.
The sentinel's mark upon you fades away.
You fly downwards.
The acid blob spits acid at you.
The splash of acid hits you but does no damage.
You resist.
An azure jelly comes into view.
The azure jelly quivers.
There is a stone staircase leading up here.
Casting: Summon Lightning Spire (safe; 0% risk of failure)
Confirm with . or Enter, or press ? or * to list all spells.
An electric hum fills the air.
The acid blob spits acid at you. The splash of acid hits you! You resist.
Unknown command.
Casting: Summon Lightning Spire (safe; 0% risk of failure)
Confirm with . or Enter, or press ? or * to list all spells.
A seven-headed hydra appears.
Unknown command.
Casting: Summon Hydra (mildly dangerous; 1% risk of failure)
Confirm with . or Enter, or press ? or * to list all spells.
Aiming: Lehudib's Crystal Spear (dangerous; 4% risk of failure)
Press: ? - help, Shift-Dir - straight line, f - acid blob
Aim: an acid blob (ally target, 98% to hit)
The crystal spear hits the acid blob!!!!
The acid blob is almost dead.
A slime creature comes into view.
The acid blob spits acid at you. The splash of acid misses you.
Casting: Lehudib's Crystal Spear (dangerous; 4% risk of failure)
Confirm with . or Enter, or press ? or * to list all spells.
Aiming: Stone Arrow (safe; 0% risk of failure)
Press: ? - help, Shift-Dir - straight line, f/p - acid blob
Aim: an acid blob (almost dead, ally target, 98% to hit)
The stone arrow hits the acid blob.
The acid blob is almost dead.
Your lightning spire shoots out a bolt of lightning at the acid blob!
The bolt of electricity hits the acid blob!!
The acid blob dies!
Makhleb accepts your kill.
The bolt of electricity hits the slime creature!!
Casting: Stone Arrow (safe; 0% risk of failure)
Confirm with . or Enter, or press ? or * to list all spells.
Aiming: Stone Arrow (safe; 0% risk of failure)
Press: ? - help, Shift-Dir - straight line, f - azure jelly
Aim: an azure jelly (78% to hit)
The stone arrow hits the azure jelly!
The azure jelly is lightly wounded.
Your seven-headed hydra bites the slime creature! x4
The slime creature dies!
Makhleb accepts your kill.
Your seven-headed hydra barely misses the azure jelly.
Your seven-headed hydra bites the azure jelly.
Your seven-headed hydra bites the azure jelly!!
Casting: Stone Arrow (safe; 0% risk of failure)
Confirm with . or Enter, or press ? or * to list all spells.
Aiming: Stone Arrow (safe; 0% risk of failure)
Press: ? - help, Shift-Dir - straight line, f/p - azure jelly
Aim: an azure jelly (heavily wounded, ally target, 78% to hit)
The stone arrow hits the azure jelly!!
The azure jelly is severely wounded.
Unknown command.
You slash the azure jelly!
The azure jelly writhes in agony!
You kill the azure jelly!
Makhleb accepts your kill.
You feel better.
Your lightning spire shoots out a bolt of lightning at the slime creature!
The bolt of electricity hits the slime creature!!
A slime creature comes into view.
Your seven-headed hydra bites the slime creature! x4
The slime creature dies!
Makhleb accepts your kill.
Your lightning spire shoots out a bolt of lightning at the slime creature!
The bolt of electricity hits the slime creature!!
Your seven-headed hydra bites the slime creature. x2
Your seven-headed hydra bites the slime creature! x2
Your seven-headed hydra bites the slime creature.
The slime creature dies!
Makhleb accepts your kill.
Your seven-headed hydra disappears in a puff of smoke!
No target in view!
HP restored.
Your lightning spire disappears in a puff of smoke!
A slime creature comes into view. x2
Casting: Stone Arrow (safe; 0% risk of failure)
Confirm with . or Enter, or press ? or * to list all spells.
An electric hum fills the air.
The slime creature quivers. x2
A slime creature comes into view.
A slime creature comes into view.
A great orb of eyes comes into view.
A slime creature comes into view.
You slice the slime creature!!
The slime creature writhes in agony!!
The slime creature is severely wounded.
A slime creature comes into view.
You block the slime creature's attack.
The slime creature hits you but does no damage.
You slice the slime creature!!
You kill the slime creature!
Makhleb accepts your kill.
A slime creature comes into view.
You block the slime creature's attack.
You slice the slime creature!!
The slime creature is moderately wounded.
You slash the slime creature!
The slime creature writhes in agony!!
The slime creature is almost dead.
You block the slime creature's attack.
The slime creature hits you but does no damage.
Two slime creatures merge to form a large slime creature.
You slash the large slime creature!
The large slime creature writhes in agony!
The large slime creature is severely wounded.
Your lightning spire shoots out a bolt of lightning at the large slime creature!
The bolt of electricity hits the large slime creature!!
The bolt of electricity hits the slime creature!! x2
The bolt of electricity hits the large slime creature!!
You slice the large slime creature!!
You kill the large slime creature!
Makhleb accepts your kill.
The great orb of eyes bites your lightning spire but does no damage.
The slime creature hits your lightning spire!
You catch the helpless slime creature completely off-guard!
You slice the slime creature!!
You kill the slime creature!
Makhleb accepts your kill.
The slime creature jiggles.
The great orb of eyes bites your lightning spire!
The slime creature hits you but does no damage.
You slice the slime creature!!
The slime creature writhes in agony.
The slime creature is heavily wounded.
The slime creature hits you but does no damage.
Two slime creatures merge to form a large slime creature.
The great orb of eyes bites your lightning spire!!
You slash the slime creature!
The slime creature writhes in agony!
The slime creature is almost dead.
The slime creature barely misses you.
You slash the slime creature!
You kill the slime creature!
Makhleb accepts your kill.
The great orb of eyes bites your lightning spire!
You slash the large slime creature!
The large slime creature writhes in agony!!
The large slime creature is moderately wounded.
Your lightning spire disappears in a puff of smoke!
You block the large slime creature's attack.
The great orb of eyes gazes at you. You resist with almost no effort.
You slice the large slime creature!!
The large slime creature writhes in agony.
The large slime creature is heavily wounded.
You slash the large slime creature!
The large slime creature writhes in agony!
The large slime creature is severely wounded.
You block the large slime creature's attack.
You hit the large slime creature.
The large slime creature writhes in agony!!
The large slime creature is almost dead.
The large slime creature barely misses you.
The great orb of eyes bites you but does no damage.
You barely miss the large slime creature.
The large slime creature is almost dead.
You block the large slime creature's attack.
The great orb of eyes barely misses you.
You slash the large slime creature!
You kill the large slime creature!
Makhleb accepts your kill.
You slash the great orb of eyes!
The great orb of eyes is lightly wounded.
The great orb of eyes bites you but does no damage.
You slice the great orb of eyes!!
The great orb of eyes writhes in agony!
The great orb of eyes is severely wounded.
You block the great orb of eyes's attack.
You slice the great orb of eyes!!
The great orb of eyes writhes in agony.
You kill the great orb of eyes!
Makhleb accepts your kill.
Found a stone staircase leading down.
There is a stone staircase leading down here.
Found a stone staircase leading up.
Found a stone staircase leading down.
There is a stone staircase leading down here.
There is a stone staircase leading down here.
There is a stone staircase leading up here.
There is a stone staircase leading down here.
Partly explored, can't reach some places.
Unknown command.
Partly explored, can't reach some places.
Acid dripping from the walls corrodes you.
Acid dripping from the walls corrodes you.
Acid dripping from the walls corrodes you.
Acid dripping from the walls corrodes you.
You set off the alarm!
The alarm trap emits a blaring wail!
A sentinel's mark forms upon you.
Acid dripping from the walls corrodes you.
Acid dripping from the walls corrodes you.
The sentinel's mark upon you fades away.
Acid dripping from the walls corrodes you.
Acid dripping from the walls corrodes you.
Acid dripping from the walls corrodes you.
Acid dripping from the walls corrodes you.
Acid dripping from the walls corrodes you.
Acid dripping from the walls corrodes you.
Acid dripping from the walls corrodes you.
Acid dripping from the walls corrodes you.
Acid dripping from the walls corrodes you.
Acid dripping from the walls corrodes you.
Partly explored, can't reach some places.
Acid dripping from the walls corrodes you.
Acid dripping from the walls corrodes you.
Acid dripping from the walls corrodes you.
Done exploring.
What level of the Dungeon? (default 10, ? - help)
There is a stone staircase leading down here.
There is a stone staircase leading up here.
You fly upwards.
There is a stone staircase leading down here.
There is a stone staircase leading up here.
You fly upwards.
There is a stone staircase leading down here.
There is a stone staircase leading up here.
You fly upwards.
There is a stone staircase leading down here.
There is a staircase back to the Lair here.
You fly upwards.
Welcome back to the Lair of Beasts!
There is a staircase to the Slime Pits here.
There is a stone staircase leading up, spattered with blood here.
You fly upwards.
There is a stone staircase leading down here.
There is a stone staircase leading up here.
You fly upwards.
There is a stone staircase leading down here.
There is a stone staircase leading up here.
You fly upwards.
There is a stone staircase leading down here.
There is a staircase back to the Dungeon here.
You fly upwards.
Welcome back to the Dungeon!
There is a staircase to the Lair here.
Search for what [? for help]? rN+
Items here: !!! "" ((( )))))))) ///// ======= ??????? [[[[[[[[[[ ||||.
Okay, then.
c - the macabre finger necklace {Finger+ rN+}
v - the ring "Haorph" {Fly rN+ Dex+3} You start removing your amulet.
You continue taking off the amulet "Kuitoig" {Regen+ rCorr Slay+3 Stlth+}. x4
You finish taking off the amulet "Kuitoig" {Regen+ rCorr Slay+3 Stlth+}.
You start putting on your amulet.
You continue putting on the macabre finger necklace {Finger+ rN+}. x5
You finish putting on the macabre finger necklace {Finger+ rN+}.
c - the macabre finger necklace (around neck) {Finger+ rN+} You drop the amulet "Kuitoig" {Regen+ rCorr Slay+3 Stlth+}.
You feel rather light.
You feel agile.
v - the ring "Haorph" (on amulet) {Fly rN+ Dex+3} Unknown command.
Search for what [Enter for "rN+", or ? for help]? tomb Can't find anything matching that.
Unknown command.
Items here: !!! " ((( )))))))) ///// ====== ??????? [[[[[[[[[[ ||||.
You drop a scroll of immolation.
Search for what [Enter for "tomb", or ? for help]? crypt You see here 5 stones.
There is a stone staircase leading down here.
You fly downwards.
There is a stone staircase leading up here.
There is an open door here.
There is a stone staircase leading down here.
You fly downwards.
There is a stone staircase leading up here.
There is a stone staircase leading down here.
You fly downwards.
There is a stone staircase leading up here.
You see here a +0 cloak.
There is an open door here.
You see here a +0 ring mail.
You see here a +0 orcbow.
There is a stone staircase leading down here.
You fly downwards.
There is a stone staircase leading up here.
There is a gate to the Vaults here.
You fly down through the gate.
Welcome back to the Vaults!
This branch contains the silver rune of Zot.
There is a gate leading back out of this place here.
There is an open door, spattered with blood here.
Things that are here:
a +0 leather armour; a +0 morningstar
There is an open door here.
There is an open door here.
There is an open door, spattered with blood here.
Items here: ) [[[[.
There is an open door here.
Things that are here:
a +0 animal skin; a +0 dire flail
There is a stone staircase leading down here.
You fly downwards.
There is a stone staircase leading up here.
There is a stone staircase leading down here.
You fly downwards.
There is a stone staircase leading up here.
There is an open door here.
There is an open door here.
There is an open door here.
You see here a +0 arbalest.
You see here a +0 arbalest.
There is an open door, spattered with blood here.
Things that are here:
a +0 scale mail; a +0 long sword You see here a +0 arbalest.
You see here a +0 arbalest.
There is a large open door here.
There is an open door here.
There is an open door here.
There is a staircase to the Crypt here.
You fly downwards.
Welcome to the Crypt!
This branch is unnaturally silent: sounds travel farther here.
There is a staircase back to the Vaults here.
You reach down and open the gate.
There is an open gate here.
You reach down and open the large door.
There is a large open door here.
You reach down and open the large door.
There is a large open door here.
You reach down and open the large door.
There is a large open door here.
There is a large open door here.
A flying skull comes into view.
A flying skull comes into view.
A flying skull comes into view. 2 flying skulls come into view.
The flying skull gives a hideous shriek! x3
You hear a hideous shriek!
The flying skull gives a hideous shriek!
A flying skull comes into view.
Casting: Summon Lightning Spire (safe; 0% risk of failure)
Confirm with . or Enter, or press ? or * to list all spells.
An electric hum fills the air.
You block the flying skull's attack.
The flying skull hits your lightning spire.
The flying skull barely misses you. You block the flying skull's attack.
The flying skull hits you but does no damage.
The flying skull hits your lightning spire but does no damage.
The flying skull hits you but does no damage.
The flying skull completely misses your lightning spire.
Casting: Summon Lightning Spire (safe; 0% risk of failure)
Confirm with . or Enter, or press ? or * to list all spells.
A six-headed hydra appears.
The flying skull barely misses you. You block the flying skull's attack.
The flying skull hits your lightning spire but does no damage.
You block the flying skull's attack.
The flying skull hits your lightning spire but does no damage.
You miss the flying skull.
The flying skull hits your lightning spire.
You block the flying skull's attack.
The flying skull hits your lightning spire.
The flying skull closely misses you.
The flying skull hits you but does no damage.
Unknown command.
You closely miss the flying skull. You block the flying skull's attack.
The flying skull hits your lightning spire but does no damage.
The flying skull closely misses you.
The flying skull hits your lightning spire but does no damage.
The flying skull hits you but does no damage.
You closely miss the flying skull.
The flying skull hits your lightning spire but does no damage.
The flying skull hits you but does no damage.
The flying skull hits your lightning spire but does no damage.
You block the flying skull's attack.
Your six-headed hydra bites the flying skull but does no damage.
Your six-headed hydra bites the flying skull!
Your six-headed hydra barely misses the flying skull. x2
Your six-headed hydra misses the flying skull. x2
You catch the helpless flying skull completely off-guard!
You slash the flying skull!
You destroy the flying skull!
Makhleb accepts your kill. The flying skull misses you.
The flying skull hits your lightning spire but does no damage.
You block the flying skull's attack.
You hit the flying skull.
The flying skull is lightly damaged.
The flying skull hits your lightning spire but does no damage.
You block the flying skull's attack.
Your six-headed hydra bites the flying skull!
Your six-headed hydra misses the flying skull.
Your six-headed hydra closely misses the flying skull.
Your six-headed hydra bites the flying skull!
The flying skull is destroyed!
Makhleb accepts your kill.
Your six-headed hydra closely misses the flying skull.
Your six-headed hydra bites the flying skull.
Your lightning spire shoots out a bolt of lightning at the flying skull!
The bolt of electricity hits the flying skull.
The flying skull resists.
You block the flying skull's attack.
Press: ? - help, v - describe, . - travel
Here: a flying skull The floor.
You barely miss the flying skull.
The flying skull is moderately damaged.
The flying skull hits your lightning spire but does no damage.
You block the flying skull's attack.
The flying skull hits you but does no damage. x2
Your lightning spire shoots out a bolt of lightning at the flying skull!
The bolt of electricity hits the flying skull.
The flying skull resists.
You miss the flying skull.
The flying skull is moderately damaged.
The flying skull hits your lightning spire but does no damage.
You block the flying skull's attack. x3
You slash the flying skull!
The flying skull is almost destroyed.
The flying skull hits your lightning spire!
You block the flying skull's attack. The flying skull misses you.
The flying skull hits you but does no damage.
Unknown command.
You slash the flying skull!
You destroy the flying skull!
Makhleb accepts your kill.
You feel better.
The flying skull hits your lightning spire!
You block the flying skull's attack. The flying skull completely misses you.
You slash the flying skull!
The flying skull is moderately damaged.
The flying skull hits your lightning spire.
You block the flying skull's attack. x2
The flying skull barely misses your lightning spire.
You closely miss the flying skull.
The flying skull is moderately damaged.
Your six-headed hydra disappears in a puff of smoke!
You block the flying skull's attack. x2
Your lightning spire shoots out a bolt of lightning at the flying skull!
The bolt of electricity misses the flying skull.
The flying skull hits your lightning spire.
You slice the flying skull!!
You destroy the flying skull!
Makhleb accepts your kill. You block the flying skull's attack.
Your lightning spire shoots out a bolt of lightning at the flying skull!
The bolt of electricity hits the flying skull!
The flying skull resists.
The flying skull hits your lightning spire but does no damage.
You hit the flying skull but do no damage.
You block the flying skull's attack.
The flying skull hits your lightning spire!
Your lightning spire shoots out a bolt of lightning at the flying skull!
The bolt of electricity hits the flying skull.
The flying skull resists.
The flying skull is destroyed!
Makhleb accepts your kill.
You slash the flying skull!
The flying skull is heavily damaged.
The flying skull misses you. You block the flying skull's attack.
You slice the flying skull!!
You destroy the flying skull!
Makhleb accepts your kill.
You feel better.
No target in view!
A skeletal warrior comes into view. It is wielding a +0 halberd.
The skeletal warrior hits your lightning spire with a +0 halberd.
A skeletal warrior comes into view. It is wielding a +0 flail.
Your lightning spire shoots out a bolt of lightning at the skeletal warrior!
The bolt of electricity hits the skeletal warrior!
The bolt of electricity hits the skeletal warrior!!
The bolt of electricity hits your lightning spire.
Your lightning spire completely resists.
The skeletal warrior hits your lightning spire with a +0 halberd!
You slash the skeletal warrior!
The skeletal warrior is almost destroyed.
Your lightning spire shoots out a bolt of lightning at the skeletal warrior!
The bolt of electricity hits the skeletal warrior! x2
The skeletal warrior is destroyed!
Makhleb accepts your kill.
The bolt of electricity hits your lightning spire.
Your lightning spire completely resists.
Training target 10.0 for Stealth reached!
Your Stealth skill increases to level 10!
Your lightning spire disappears in a puff of smoke!
A skeletal warrior comes into view. It is wielding a +0 mace.
You see here a +0 halberd.
You barely miss the skeletal warrior. You slash the skeletal warrior!
The skeletal warrior is moderately damaged.
You block the skeletal warrior's attack.
You slice the skeletal warrior!!
The skeletal warrior is heavily damaged.
You block the skeletal warrior's attack.
You closely miss the skeletal warrior.
The skeletal warrior is heavily damaged.
You slash the skeletal warrior!
The skeletal warrior is severely damaged.
You block the skeletal warrior's attack.
You closely miss the skeletal warrior.
The skeletal warrior is severely damaged.
The skeletal warrior misses you.
The skeletal warrior closely misses you.
You hit the skeletal warrior but do no damage.
The skeletal warrior is severely damaged.
You hit the skeletal warrior but do no damage.
The skeletal warrior is severely damaged.
The skeletal warrior hits you with a +0 flail!
The skeletal warrior completely misses you.
You hit the skeletal warrior but do no damage.
The skeletal warrior is severely damaged.
You block the skeletal warrior's attack. x2
You slice the skeletal warrior!!
You destroy the skeletal warrior!
Makhleb accepts your kill.
You feel better.
You block the skeletal warrior's attack.
You hit the skeletal warrior.
The skeletal warrior is lightly damaged.
You barely miss the skeletal warrior.
The skeletal warrior is lightly damaged.
You block the skeletal warrior's attack.
You hit the skeletal warrior but do no damage.
The skeletal warrior is lightly damaged.
You block the skeletal warrior's attack.
You slice the skeletal warrior!!
The skeletal warrior is heavily damaged.
You slice the skeletal warrior!!
The skeletal warrior is almost destroyed.
You block the skeletal warrior's attack.
You slash the skeletal warrior!
The skeletal warrior is almost destroyed.
You block the skeletal warrior's attack.
You hit the skeletal warrior.
You destroy the skeletal warrior!
Makhleb accepts your kill.
You see here a +0 flail.
You reach down and open the large door.
A skeletal warrior comes into view. It is wielding a +0 battleaxe.
A vampire mage comes into view.
There is a large open door here.
A jiangshi comes into view.
There is a large open door here.
What are your orders? t - Shout!
Orders for allies: a - Attack new target. r - Retreat! s - Stop attacking. g - Guard the area. f - Follow me.
Anything else - Cancel.
You shout for attention!
You slice the skeletal warrior!!
The skeletal warrior is moderately damaged.
You block the skeletal warrior's attack.
You slice the skeletal warrior!!
The skeletal warrior is severely damaged.
The skeletal warrior hits you with a +0 battleaxe!
You closely miss the skeletal warrior.
The skeletal warrior is severely damaged.
You hit the skeletal warrior but do no damage.
The skeletal warrior is severely damaged.
You block the skeletal warrior's attack.
You hit the skeletal warrior.
The skeletal warrior is severely damaged.
You block the skeletal warrior's attack.
You hit the skeletal warrior.
The skeletal warrior is severely damaged.
The skeletal warrior hits you but does no damage.
You slice the skeletal warrior!!
You destroy the skeletal warrior!
Makhleb accepts your kill.
You feel better.
You closely miss the vampire mage. You block the vampire mage's attack.
The vampire mage bites you but does no damage.
A jiangshi comes into view.
You slice the vampire mage!!
The vampire mage is heavily damaged.
You block the vampire mage's attack. x2; The jiangshi claws you.
The jiangshi completely misses you.
You closely miss the vampire mage.
The vampire mage is heavily damaged.
You slice the vampire mage!!
The vampire mage is almost destroyed.
You block the vampire mage's attack.
The vampire mage bites you but does no damage.
You hit the vampire mage.
The vampire mage is almost destroyed.
The jiangshi claws you. You block the jiangshi's attack.
The vampire mage hits you but does no damage.
The vampire mage closely misses you.
You slash the vampire mage!
You destroy the vampire mage!
Makhleb accepts your kill. The jiangshi misses you. x2
You slice the jiangshi!!
The jiangshi is moderately damaged.
You block the jiangshi's attack. The jiangshi closely misses you.
You closely miss the jiangshi.
The jiangshi is moderately damaged.
You hit the jiangshi.
The jiangshi is moderately damaged.
You slash the jiangshi!
The jiangshi is heavily damaged.
You slash the jiangshi!
The jiangshi is almost destroyed.
You slice the jiangshi!!
You destroy the jiangshi!
Makhleb accepts your kill.
You feel better.
You slash the jiangshi!
The jiangshi is lightly damaged.
You block the jiangshi's attack. The jiangshi claws you.
You slice the jiangshi!!
The jiangshi is heavily damaged.
The jiangshi completely misses you.
The jiangshi claws you but does no damage.
A jiangshi comes into view.
The jiangshi closely misses you. x2
You slash the jiangshi!
The jiangshi is heavily damaged.
You block the jiangshi's attack. The jiangshi claws you.
You slash the jiangshi!
The jiangshi is severely damaged.
The jiangshi claws you but does no damage.
You block the jiangshi's attack.
You barely miss the jiangshi.
The jiangshi is severely damaged.
You block the jiangshi's attack. x2
You slice the jiangshi!!
The jiangshi is almost destroyed.
You block the jiangshi's attack. The jiangshi misses you.
The jiangshi completely misses you. You block the jiangshi's attack.
You slice the jiangshi!!
You destroy the jiangshi!
Makhleb accepts your kill.
You feel better. The jiangshi misses you. You block the jiangshi's attack.
You slash the jiangshi!
The jiangshi is lightly damaged.
You block the jiangshi's attack. x2
You slice the jiangshi!!
The jiangshi is heavily damaged.
The jiangshi barely misses you. The jiangshi claws you!
You slash the jiangshi!
The jiangshi is severely damaged.
The jiangshi claws you but does no damage.
You block the jiangshi's attack.
A jiangshi comes into view.
You slash the jiangshi!
The jiangshi is almost destroyed.
The jiangshi claws you but does no damage.
You block the jiangshi's attack. x2; The jiangshi claws you!
You slice the jiangshi!!
You destroy the jiangshi!
Makhleb accepts your kill.
You feel better. You block the jiangshi's attack. The jiangshi misses you.
You slash the jiangshi!
The jiangshi is moderately damaged.
You hit the jiangshi.
The jiangshi is moderately damaged.
You hit the jiangshi but do no damage.
The jiangshi is moderately damaged.
You slash the jiangshi!
The jiangshi is heavily damaged.
You block the jiangshi's attack.
The jiangshi claws you but does no damage.
You slash the jiangshi!
The jiangshi is severely damaged.
You block the jiangshi's attack. x2
You slash the jiangshi!
The jiangshi is almost destroyed.
The jiangshi barely misses you. You block the jiangshi's attack.
You slash the jiangshi!
You destroy the jiangshi!
Makhleb accepts your kill.
You feel better.
HP restored.
You now have 3095 gold pieces (gained 22).
You see here a +0 battleaxe.
You reach down and open the large door. 2 skeletal warriors and a wraith come into view.
You reach down and open the door.
You slash the wraith!
The wraith is heavily damaged.
You slash the wraith!
You destroy the wraith!
Makhleb accepts your kill.
You block the skeletal warrior's attack.
The skeletal warrior hits you but does no damage.
You hit the skeletal warrior but do no damage.
You block the skeletal warrior's attack.
You slice the skeletal warrior!!
The skeletal warrior is moderately damaged.
You slash the skeletal warrior!
The skeletal warrior is severely damaged.
You block the skeletal warrior's attack.
You slice the skeletal warrior!!
The skeletal warrior is almost destroyed.
The skeletal warrior completely misses you.
You hit the skeletal warrior but do no damage.
The skeletal warrior is almost destroyed.
You closely miss the skeletal warrior.
The skeletal warrior is almost destroyed.
You block the skeletal warrior's attack.
You closely miss the skeletal warrior.
The skeletal warrior is almost destroyed.
You block the skeletal warrior's attack.
You slash the skeletal warrior!
You destroy the skeletal warrior!
Makhleb accepts your kill.
You slash the skeletal warrior!
The skeletal warrior is moderately damaged.
You slice the skeletal warrior!!
The skeletal warrior is severely damaged.
You block the skeletal warrior's attack.
You completely miss the skeletal warrior.
The skeletal warrior is severely damaged.
You block the skeletal warrior's attack.
You slash the skeletal warrior!
The skeletal warrior is severely damaged.
You hit the skeletal warrior.
The skeletal warrior is almost destroyed.
The skeletal warrior completely misses you.
You slice the skeletal warrior!!
You destroy the skeletal warrior!
Makhleb accepts your kill.
No target in view!
Things that are here:
a +0 mace; a +0 glaive
Found a stone staircase leading down.
There is a large open door here.
An ancient champion and a skeletal warrior come into view.
The ancient champion is wielding a +3 battleaxe of freezing.
There is a large open door here.
The skeletal warrior misses you.
You hit the skeletal warrior but do no damage.
You closely miss the skeletal warrior.
The skeletal warrior completely misses you.
You hit the skeletal warrior but do no damage.
The skeletal warrior misses you.
You closely miss the skeletal warrior. You slash the skeletal warrior!
The skeletal warrior is moderately damaged.
You block the skeletal warrior's attack.
You closely miss the skeletal warrior.
The skeletal warrior is moderately damaged.
You block the skeletal warrior's attack.
You slice the skeletal warrior!!
The skeletal warrior is heavily damaged.
You block the skeletal warrior's attack.
You slash the skeletal warrior!
The skeletal warrior is almost destroyed.
You slash the skeletal warrior!
You destroy the skeletal warrior!
Makhleb accepts your kill.
No target in view!
There is a large open door here.
The ancient champion mumbles some strange words.
The ancient champion seems to speed up.
There is a large open door here.
You see here a +0 halberd.
The ancient champion points at you and mumbles some strange words.
The entropic shot hits you!!!
You reach down and close the large door.
You start resting.
An ancient champion opens the door.
It is wielding a +3 battleaxe of freezing.
Casting: Summon Hydra (mildly dangerous; 1% risk of failure)
Confirm with . or Enter, or press ? or * to list all spells.
Aiming: Lehudib's Crystal Spear (dangerous; 4% risk of failure)
Press: ? - help, Shift-Dir - straight line, f - ancient champion
Aim: an ancient champion, wielding a +3 battleaxe of freezing and wearing a +0 chain mail (fast, 87% to hit)
The crystal spear hits the ancient champion!!
The ancient champion is moderately damaged.
Unknown command.
Casting: Lehudib's Crystal Spear (dangerous; 4% risk of failure)
Confirm with . or Enter, or press ? or * to list all spells.
Aiming: Lehudib's Crystal Spear (dangerous; 4% risk of failure)
Press: ? - help, Shift-Dir - straight line, f/p - ancient champion
Aim: an ancient champion, wielding a +3 battleaxe of freezing and wearing a +0 chain mail (moderately damaged, fast, 87% to hit)
The crystal spear hits the ancient champion!!!!
You destroy the ancient champion!
Makhleb accepts your kill.
You feel better.
You reach down and close the large door, pushing everything out of the way.
You see here a +3 battleaxe of freezing.
You start resting.
HP restored.
You reach down and open the large door.
There is a large open door here.
D - 8 scrolls of fear (gained 1)
Found 5 stones.
z - a potion of attraction You reach down and open the large door.
A snapping turtle skeleton comes into view.
The snapping turtle skeleton completely misses you.
You block the snapping turtle skeleton's attack.
There is a large open door here.
You slice the snapping turtle skeleton!!
The snapping turtle skeleton is moderately damaged.
You hit the snapping turtle skeleton.
The snapping turtle skeleton is moderately damaged.
You block the snapping turtle skeleton's attack.
You slice the snapping turtle skeleton!!
The snapping turtle skeleton is severely damaged.
You hit the snapping turtle skeleton.
The snapping turtle skeleton is severely damaged.
The snapping turtle skeleton barely misses you.
You slice the snapping turtle skeleton!!
You destroy the snapping turtle skeleton!
Makhleb accepts your kill.
No target in view!
You reach down and open the large door.
There is a large open door here.
There is a large open door here.
A phantasmal warrior comes into view.
A phantasmal warrior comes into view.
The helpless phantasmal warrior fails to defend itself.
You slice the phantasmal warrior like a ripe choko!!!
You destroy the phantasmal warrior!
Makhleb accepts your kill.
No target in view!
You reach down and open the large door. 4 skeletal warriors and a dire elephant skeleton come into view.
A skeletal warrior is wielding a +1 heavy long sword.
A skeletal warrior is wielding a +1 trident of protection.
You reach down and close the large door.
A skeletal warrior opens the large door.
The skeletal warrior attacks as it pursues you!
The skeletal warrior hits you from afar with a +0 glaive!
You hear a shout!
You block the skeletal warrior's attack.
You closely miss the skeletal warrior.
A vampire knight comes into view. It is wielding a +0 war axe.
The skeletal warrior misses you.
You hit the skeletal warrior.
The skeletal warrior is lightly damaged.
The vampire knight points at you and mumbles some strange words.
You resist with almost no effort.
You slash the skeletal warrior!
The skeletal warrior is moderately damaged.
You block the skeletal warrior's attack.
You slice the skeletal warrior!!
The skeletal warrior is heavily damaged.
You block the skeletal warrior's attack.
You hit the skeletal warrior but do no damage.
The skeletal warrior is heavily damaged.
You block the skeletal warrior's attack.
You closely miss the skeletal warrior.
The skeletal warrior is heavily damaged.
You completely miss the skeletal warrior.
The skeletal warrior is heavily damaged.
A phantasmal warrior comes into view.
You block the skeletal warrior's attack.
You barely miss the skeletal warrior.
The skeletal warrior is heavily damaged.
The phantasmal warrior gestures at you.
The phantasmal warrior blinks!
The vampire knight casts a spell.
The vampire knight flickers and vanishes!
Deactivating autopickup; reactivate with Ctrl-A.
The skeletal warrior misses you.
You slash the skeletal warrior!
The skeletal warrior is heavily damaged.
You slash the skeletal warrior!
The skeletal warrior is severely damaged.
The phantasmal warrior gestures at you.
The phantasmal warrior blinks!
Something hits you! Something bites you but does no damage.
You block the skeletal warrior's attack.
You slash the skeletal warrior!
The skeletal warrior is almost destroyed.
The phantasmal warrior hits you!
Your willpower is stripped away!
Something hits you! Something completely misses you.
You block the skeletal warrior's attack.
You slice the skeletal warrior!!
You destroy the skeletal warrior!
Makhleb accepts your kill.
You feel better.
You slice something!! The phantasmal warrior misses you.
You block the phantasmal warrior's attack.
Something hits you but does no damage. Something bites you but does no damage.
You closely miss something.
The phantasmal warrior closely misses you.
The phantasmal warrior hits you! You block something's attack.
Something bites you but does no damage.
You closely miss something.
You block the phantasmal warrior's attack. x2
Something hits you! Something bites you but does no damage.
You hit something. You slice something!! Something hits you.
Something bites you but does no damage.
You block the phantasmal warrior's attack. x2
You closely miss something.
The phantasmal warrior hits you but does no damage. x2
Something completely misses you. You block something's attack.
You closely miss something. You hit something but do no damage.
You block the phantasmal warrior's attack.
The phantasmal warrior hits you. Something hits you!
You block something's attack.
You slash something!
You block the phantasmal warrior's attack.
The phantasmal warrior hits you but does no damage.
Something barely misses you. x2
You closely miss something. You barely miss something.
The phantasmal warrior hits you! The phantasmal warrior hits you.
Something hits you! Something bites you but does no damage.
The skeletal warrior closely misses you.
You hit something but do no damage.
You block the phantasmal warrior's attack.
The phantasmal warrior misses you.
You block the skeletal warrior's attack.
Something hits you but does no damage. Something bites you but does no damage.
Casting: Lehudib's Crystal Spear (dangerous; 4% risk of failure)
Confirm with . or Enter, or press ? or * to list all spells.
Casting: Dispersal (mildly dangerous; 1% risk of failure)
Press: ? - help, Dir - look around, f - activate The phantasmal warrior blinks!
The skeletal warrior blinks!
The phantasmal warrior disappears!
The skeletal warrior blinks! x2
The phantasmal warrior gestures at you.
The phantasmal warrior blinks!
Unknown command.
You closely miss the phantasmal warrior.
The phantasmal warrior barely misses you.
The skeletal warrior hits you from afar with a +1 trident of protection!
Your body deteriorates!
You feel dopey.
You closely miss the phantasmal warrior.
You slice the phantasmal warrior!!
The phantasmal warrior is heavily damaged.
The phantasmal warrior hits you!
* * * LOW HITPOINT WARNING * * *
You block the skeletal warrior's attack.
You closely miss the phantasmal warrior.
The phantasmal warrior is heavily damaged.
The phantasmal warrior hits you!
* * * LOW HITPOINT WARNING * * *
You barely miss the phantasmal warrior.
The phantasmal warrior is heavily damaged.
The phantasmal warrior completely misses you.
The phantasmal warrior hits you!!
You die...

Skill      XL: |  1  2  3  4  5  6  7  8  9 10 11 12 13 14 15 16 17 18 19 20 21 22 23 24 25 |
---------------+----------------------------------------------------------------------------+-----
Spellcasting   | 3 4 5 6 7 9 10 11 13 14 15 16 17 18 19 20 21 22 | 22.7
Conjurations   | 3 4 5 6 7 9 10 11 13 14 15 16 17 18 19 20 21 22 | 22.7
Hexes          | 3 4 5 6 7 9 10 11 13 14 15 16 17 18 19 20 21 22 | 22.7
Summonings     | 3 4 5 6 7 9 10 11 13 14 15 16 17 18 19 20 21 22 | 22.7
Necromancy     | 3 4 5 6 7 9 10 11 13 14 15 16 17 18 19 20 21 22 | 22.7
Translocations | 3 4 5 6 7 9 10 11 13 14 15 16 17 18 19 20 21 22 | 22.7
Transmutations | 3 4 5 6 7 9 10 11 13 14 15 16 17 18 19 20 21 22 | 22.7
Fire Magic     | 3 4 5 6 7 9 10 11 13 14 15 16 17 18 19 20 21 22 | 22.7
Ice Magic      | 3 4 5 6 7 9 10 11 13 14 15 16 17 18 19 20 21 22 | 22.7
Air Magic      | 3 4 5 6 7 9 10 11 13 14 15 16 17 18 19 20 21 22 | 22.7
Earth Magic    | 3 4 5 6 7 9 10 11 13 14 15 16 17 18 19 20 21 22 | 22.7
Poison Magic   | 3 4 5 6 7 9 10 11 13 14 15 16 17 18 19 20 21 22 | 22.7
Stealth        | 2 3 4 5 7 8 10 | 10.0
Armour         | 1 3 5 7 9 11 | 11.4
Dodging        | 3 5 6 9 10 | 10.0
Fighting       | 2 4 6 8 9 10 | 10.0
Evocations     | 3 6 8 10 11 12 | 12.0
Long Blades    | 2 5 7 8 10 11 12 13 14 15 | 15.7
Shields        | 1 5 7 9 11 12 13 14 15 | 15.0

Action                     |  1- 3 |  4- 6 |  7- 9 | 10-12 | 13-15 | 16-18 | 19-21 | 22-24 | 25-27 || total
---------------------------+-------+-------+-------+-------+-------+-------+-------+-------+-------++-------
  Melee: Unarmed           |       |    24 |       |       |       |       |       |       |       ||    24
         Dagger            |       |     2 |     3 |       |       |     5 |    18 |     7 |       ||    35
         Short sword       |       |       |       |    13 |    16 |       |       |       |       ||    29
         Demon blade       |       |       |       |       |     2 |   251 |   512 |  1406 |   353 ||  2524
         Punch             |       |       |       |       |     1 |       |       |       |       ||     1
         Staff             |       |       |       |       |       |    23 |     9 |       |       ||    32
         Long sword        |       |       |       |       |       |       |     1 |       |       ||     1
   Fire: Hand cannon       |       |       |       |       |       |       |     5 |       |       ||     5
   Cast: Magic Dart        |    63 |    17 |   149 |     3 |       |     1 |       |     1 |       ||   234
         Sandblast         |     7 |    22 |    55 |     2 |       |       |       |       |       ||    86
         Poisonous Vapours |       |     3 |    15 |    14 |    27 |     9 |    23 |       |       ||    91
         Mephitic Cloud    |       |     2 |     8 |    15 |    29 |     1 |     5 |       |       ||    60
         Stone Arrow       |       |       |    71 |   225 |   420 |   452 |   203 |     5 |     8 ||  1384
         Blink             |       |       |       |     5 |     4 |     5 |     3 |     1 |       ||    18
         Frozen Ramparts   |       |       |       |     4 |       |       |       |       |       ||     4
         Call Imp          |       |       |       |     1 |     1 |     1 |       |       |       ||     3
         Summon Lightning  |       |       |       |    33 |    99 |   113 |    78 |    14 |    20 ||   357
         Dispersal         |       |       |       |       |       |     1 |       |     2 |     2 ||     5
         Summon Hydra      |       |       |       |       |       |    26 |    56 |    36 |    10 ||   128
         Malign Gateway    |       |       |       |       |       |       |     7 |     1 |       ||     8
         Alistair's Intoxi |       |       |       |       |       |       |    19 |     7 |       ||    26
         Discord           |       |       |       |       |       |       |     2 |    17 |     2 ||    21
         Lehudib's Crystal |       |       |       |       |       |       |       |    26 |    37 ||    63
  Evoke: Wand              |       |       |       |       |       |     2 |     1 |     4 |       ||     7
         Lightning rod     |       |       |       |       |       |     1 |       |       |       ||     1
    Use: Scroll            |       |     4 |     7 |     9 |    10 |     3 |     8 |    14 |       ||    55
         Potion            |       |     2 |     2 |       |     2 |     1 |     2 |     1 |       ||    10
   Stab: Confused          |       |     2 |       |       |       |       |     1 |     1 |       ||     4
         Distracted        |       |       |       |       |     1 |     4 |    12 |    15 |     6 ||    38
         Sleeping          |       |       |       |       |     1 |     7 |     9 |    13 |     3 ||    33
         Paralysed         |       |       |       |       |       |       |     5 |     5 |       ||    10
 Armour: Robe              |     6 |       |       |       |       |       |    14 |       |       ||    20
         Ring mail         |     5 |     8 |    15 |    47 |    44 |   102 |    61 |   159 |       ||   441
         Skin              |       |    31 |       |       |       |       |       |       |       ||    31
         Scale mail        |       |       |       |       |       |       |     7 |       |       ||     7
         Ice dragon scales |       |       |       |       |       |       |       |    59 |    94 ||   153
  Dodge: Dodged            |     9 |    13 |    23 |    64 |   106 |   299 |   264 |   572 |   128 ||  1478
  Block: Kite shield       |       |       |       |       |     5 |   266 |   337 |   739 |   205 ||  1552
         Reflection        |       |       |       |       |       |    27 |    62 |    24 |     1 ||   114

Levels and vault maps discovered:
D:1:      matt_arrival_grand_opening, layout_rooms, serial_co_window_serial,
          co_window_corner_a, co_window_of_opportunity_a, co_window_corner_a,
          co_window_corner_a, co_window_paths_a, co_window_paths_b,
          co_window_corner_a, co_window_corner_b, co_window_cross_4,
          co_window_unsneaky_path_c, co_window_cross_2, co_window_corner_b,
          co_window_paths_d, glass_columns_a
D:2:      layout_rooms
D:3:      layout_basic, uniq_sigmund
D:4:      layout_cave_pools, temple_doors_cd, enter_ossuary_2,
          hellmonk_guarded_unrand_hermit, uniq_grinder, uniq_robin, uniq_edmund,
          uniq_crazy_yiuf_cottage, uniq_eustachio
D:5:      layout_rooms
D:6:      layout_basic, uniq_blork_the_orc
D:7:      layout_cave_pools, zin_treasury
D:8:      layout_rooms, uniq_amaemon, uniq_pikel, uniq_grum, uniq_maggie
D:9:      layout_irregular_city
D:10:     layout_long_grid, lair_entry_dummy, kennysheep_generic_room_12,
          uniq_joseph
D:11:     layout_stronghold, gammafunk_ghost_grave, minmay_misc_feat_enclosed
D:12:     layout_grid_maze, serial_shops, nicolae_shop_drivethru,
          yredelemnul_altar_generic
D:13:     layout_gridville
D:14:     layout_big_octagon, bloody_makhleb
D:15:     grunt_enter_depths_hoard, layout_cave_pools, minmay_tree_intersection,
          argonaut_gorgonesque, uniq_jorgrun
Temple:   nicolae_temple_the_god_donut
Lair:1:   layout_hall_layers, ebering_ghost_funeral_grove,
          infiniplex_staircase_pool, grunt_megastairs_3, uniq_jeremiah
Lair:2:   layout_cave_pods, swamp_mist_pool, guppyfry_snake_entry_garden,
          pdpol_lair_neglected_garden, guppyfry_lair_drakes,
          infiniplex_staircase_pool_2, uniq_fannar
Lair:3:   layout_regular_city, minivault_23, uniq_nergalle
Lair:4:   layout_cave_shapes, minmay_slime_entry_oklob_open,
          nzn_masters_of_martial_movement, grunt_megastairs_5
Lair:5:   evilmike_catoblepas_cave, layout_regular_city, grunt_megastairs_4
Swamp:1:  layout_basic_swamp, hangedman_swamp_ruin_wall, uniq_louise
Swamp:2:  layout_basic_swamp, nicolae_swamp_tree_isthmus,
          nicolae_swamp_stuck_in_the_mud
Swamp:3:  layout_basic_swamp, nicolae_swamp_treefoil
Swamp:4:  swamp_old_school, layout_basic_swamp
Snake:1:  layout_rooms, serial_shops, nicolae_shop_back_alley_shop, shop,
          nicolae_shop_pleasant_corner_grove, shop
Snake:2:  layout_chambers, nicolae_snake_dead_anacondas, uniq_mlioglotl
Snake:3:  layout_layer_cave, nicolae_snake_lava_pool
Snake:4:  minmay_snake_end_coiled, layout_cave_town, uniq_saint_roka
Slime:1:  layout_caves, basic_altar
Slime:2:  layout_caves
Slime:3:  layout_caves, nicolae_slime_rock_hall_of_fame
Slime:4:  layout_caves
Orc:1:    layout_caves, minmay_shop_enchanted_jewellery, guppyfry_library_mini
Orc:2:    st_orc_elflike, layout_diamond_mine, gauntlet_entry_generic,
          uniq_snorg, uniq_azrael
Elf:1:    eino_elf_arrival_sip, layout_rooms, hangedman_elf_disciples
Elf:2:    nicolae_elf_blades_crystal_corner, layout_gridlike, uniq_zenata
Elf:3:    minmay_elf_hall_statues, layout_rooms, enter_trove_3, uniq_bai_suzhen
Vaults:1: nicolae_vaults_trapezoid_lopsided_2, nicolae_vaults_tetromino_Z_1,
          nicolae_vaults_network_s, nicolae_vaults_trapezoid_2,
          nicolae_vaults_rhombus_7, v_misc_9, hangedman_vaults_cutoff,
          vaults_room_octagon, nicolae_vaults_tangent_ellipses,
          nicolae_vaults_tangram_1, nicolae_vaults_little_ls,
          grunt_vaults_diagonal, hangedman_vaults_stitches, v_alt_pattern_1,
          nicolae_vaults_variable_pillar_hall, layout_vaults_maze, uniq_donald
Vaults:2: v_pattern_5, vaults_room_fancy_cross, v_rooms_6,
          vaults_room_semicircle, ontoclasm_vaults_gateway,
          nicolae_vaults_tetromino_Z_1, vaults_mumra_minichess,
          nicolae_vaults_trapezoid_2, nicolae_vaults_house_1, vaults_dpeg_cross,
          nicolae_vaults_closet_pinwheel_1, vaults_room_pools, v_alt_pattern_6,
          special_room_vaults [special_room_orc], nicolae_vaults_turnstiles,
          nicolae_vaults_trapezoid_2, layout_vaults_omnibox, serial_shops,
          nicolae_shop_just_a_little_nook, nicolae_shop_tiny_waterfront,
          nicolae_shop_getting_attention, nicolae_shop_waterfront
Vaults:3: nicolae_vaults_shrinking_rooms_1, vaults_room_octagon,
          nicolae_vaults_statue_guard, grunt_vaults_swirl, v_pattern_1,
          ontoclasm_vaults_claustrophobia, nicolae_vaults_ninety_degrees,
          minmay_crypt_entry_necro_gods, nicolae_vaults_sealed_display,
          ontoclasm_vaults_spin, nicolae_vaults_variable_pillar_hall_cross,
          nicolae_vaults_shelves_hall, nicolae_vaults_little_squares_5,
          layout_vaults_ring, serial_shops, bzr_entry_safe, uniq_frederick
Vaults:4: nicolae_vaults_storage_closets_3, nicolae_vaults_door_testing_chamber,
          nicolae_vaults_double_plus_2, nicolae_vaults_windows_and_doors_thing,
          vaults_room_door_hall, vaults_room_hallway,
          nicolae_vaults_library_corner, nicolae_vaults_tetromino_L_2,
          layout_vaults_omnigrid, uniq_margery
Crypt:1:  layout_gridlike, wad_floor_pattern_2, grunt_crypt_arrival_webbed
Depths:1: layout_roguey, hellmouth_3, grunt_pan_entry_spiral,
          nicolae_twisty_statue_hallways, uniq_enchantress
Depths:2: minmay_four_inscribed_fans, layout_gridlike,
          infiniplex_enter_wizlab_spiral, rand_demon_pan_entry_1,
          hangedman_geh_valley, serial_sigils_hangedman_shear,
          ebering_ghost_inner_flame, serial_shops, nicolae_shop_stone,
          infiniplex_staircase_door_maze, uniq_vv, uniq_nikola, uniq_aizul
Depths:3: cheibrodos_hall_of_evolution, layout_basic, enter_ziggurat_b,
          nicolae_abyss_entry_one_way_or_another, nicolae_lava_and_water,
          grunt_metal_band, uniq_grunn
Depths:4: grunt_zot_entry_pinwheel, layout_basic, hangedman_abyss_entry_splay,
          hangedman_tar_grid_catacomb, minmay_misc_feat_four_crosses,
          serial_bayou_shore_a

Notes
Turn   | Place    | Note
-------+----------+-------------------------------------------
     0 | D:1      | scionoferis the Djinni Hedge Wizard began the quest for the
                  | Orb.
     0 | D:1      | scionoferis set off with the following spells memorised:
                  | Magic Dart, Slow, Blink, Call Imp, Mephitic Cloud.
     0 | D:1      | Reached XP level 1. HP: 15/15 MP: 0/0
    94 | D:1      | Reached skill level 3 in Spellcasting
    94 | D:1      | Reached skill level 3 in Conjurations
    94 | D:1      | Reached skill level 3 in Hexes
    94 | D:1      | Reached skill level 3 in Summonings
    94 | D:1      | Reached skill level 3 in Necromancy
    94 | D:1      | Reached skill level 3 in Translocations
    94 | D:1      | Reached skill level 3 in Transmutations
    94 | D:1      | Reached skill level 3 in Fire Magic
    94 | D:1      | Reached skill level 3 in Ice Magic
    94 | D:1      | Reached skill level 3 in Air Magic
    94 | D:1      | Reached skill level 3 in Earth Magic
    94 | D:1      | Reached skill level 3 in Poison Magic
   198 | D:1      | Reached XP level 2. HP: 13/21 MP: 0/0
   553 | D:1      | Reached XP level 3. HP: 21/25 MP: 0/0
   553 | D:1      | Learned a level 1 spell: Sandblast
   668 | D:1      | Reached skill level 2 in Stealth
  1416 | D:2      | Reached skill level 1 in Armour
  1416 | D:2      | Reached XP level 4. HP: 27/31 MP: 0/0
  2429 | D:3      | Noticed Sigmund
  2440 | D:4      | Noticed Edmund
  2441 | D:4      | Noticed Grinder
  2461 | D:4      | Killed Grinder
  2462 | D:4      | Reached skill level 3 in Armour
  2462 | D:4      | Reached skill level 4 in Spellcasting
  2462 | D:4      | Reached skill level 4 in Conjurations
  2462 | D:4      | Reached skill level 4 in Hexes
  2462 | D:4      | Reached skill level 4 in Summonings
  2462 | D:4      | Reached skill level 4 in Necromancy
  2462 | D:4      | Reached skill level 4 in Translocations
  2462 | D:4      | Reached skill level 4 in Transmutations
  2462 | D:4      | Reached skill level 4 in Fire Magic
  2462 | D:4      | Reached skill level 4 in Ice Magic
  2462 | D:4      | Reached skill level 4 in Air Magic
  2462 | D:4      | Reached skill level 4 in Earth Magic
  2462 | D:4      | Reached skill level 4 in Poison Magic
  2462 | D:4      | Reached XP level 5. HP: 35/35 MP: 0/0
  2462 | D:4      | Learned a level 2 spell: Poisonous Vapours
  2462 | D:4      | Reached XP level 6. HP: 40/40 MP: 0/0
  2476 | D:4      | Killed Edmund
  2477 | D:4      | Reached XP level 7. HP: 16/45 MP: 0/0
  2477 | D:4      | Learned a level 3 spell: Stone Arrow
  2674 | D:3      | Killed Sigmund
  2675 | D:3      | Reached skill level 4 in Armour
  2831 | D:3      | You are sucked into a shaft and drop 2 floors!
  2831 | D:5      | Entered Level 5 of the Dungeon
  2845 | D:4      | Noticed Eustachio
  2856 | D:4      | Killed Eustachio
  2857 | D:4      | Reached skill level 5 in Armour
  2857 | D:4      | Reached skill level 5 in Spellcasting
  2857 | D:4      | Reached skill level 5 in Conjurations
  2857 | D:4      | Reached skill level 5 in Hexes
  2857 | D:4      | Reached skill level 5 in Summonings
  2857 | D:4      | Reached skill level 5 in Necromancy
  2857 | D:4      | Reached skill level 5 in Translocations
  2857 | D:4      | Reached skill level 5 in Transmutations
  2857 | D:4      | Reached skill level 5 in Fire Magic
  2857 | D:4      | Reached skill level 5 in Ice Magic
  2857 | D:4      | Reached skill level 5 in Air Magic
  2857 | D:4      | Reached skill level 5 in Earth Magic
  2857 | D:4      | Reached skill level 5 in Poison Magic
  2860 | D:4      | Reached XP level 8. HP: 28/50 MP: 0/0
  2944 | D:4      | Noticed Robin
  2993 | D:4      | Found a runed translucent door.
  2994 | D:4      | Noticed Crazy Yiuf
  3003 | D:4      | Killed Robin
  3030 | D:4      | Found a staircase to the Ecumenical Temple.
  3106 | D:4      | Found a sand-covered staircase.
  3111 | Ossuary  | Entered an ossuary
  3770 | Ossuary  | Noticed Menkaure
  3774 | Ossuary  | Killed Menkaure
  3775 | Ossuary  | Reached skill level 3 in Dodging
  3918 | Ossuary  | Reached skill level 1 in Fighting
  3918 | Ossuary  | Reached skill level 6 in Spellcasting
  3918 | Ossuary  | Reached skill level 6 in Conjurations
  3918 | Ossuary  | Reached skill level 6 in Hexes
  3918 | Ossuary  | Reached skill level 6 in Summonings
  3918 | Ossuary  | Reached skill level 6 in Necromancy
  3918 | Ossuary  | Reached skill level 6 in Translocations
  3918 | Ossuary  | Reached skill level 6 in Transmutations
  3918 | Ossuary  | Reached skill level 6 in Fire Magic
  3918 | Ossuary  | Reached skill level 6 in Ice Magic
  3918 | Ossuary  | Reached skill level 6 in Air Magic
  3918 | Ossuary  | Reached skill level 6 in Earth Magic
  3918 | Ossuary  | Reached skill level 6 in Poison Magic
  4291 | D:4      | Found a faded altar of an unknown god.
  4291 | D:4      | Found the Hermit's Pendant {Faith Invo=14 Evo=0 MP+5}
  4678 | D:4      | Killed Crazy Yiuf
  4715 | D:4      | Identified the +4 hammer of Dried Tears {heavy, Str+4 Int+6
                  | Dex-5}
  4746 | Temple   | Entered the Ecumenical Temple
  4770 | Temple   | Became a worshipper of Makhleb the Destroyer
  5042 | D:5      | Reached skill level 2 in Fighting
  5050 | D:5      | Reached skill level 3 in Stealth
  5050 | D:5      | Reached XP level 9. HP: 24/58 MP: 0/0
  5050 | D:5      | Learned a level 3 spell: Frozen Ramparts
  5273 | D:5      | Reached skill level 4 in Dodging
  5737 | D:6      | Reached skill level 3 in Fighting
  6108 | D:6      | Reached skill level 7 in Spellcasting
  6108 | D:6      | Reached skill level 7 in Conjurations
  6108 | D:6      | Reached skill level 7 in Hexes
  6108 | D:6      | Reached skill level 7 in Summonings
  6108 | D:6      | Reached skill level 7 in Necromancy
  6108 | D:6      | Reached skill level 7 in Translocations
  6108 | D:6      | Reached skill level 7 in Transmutations
  6108 | D:6      | Reached skill level 7 in Fire Magic
  6108 | D:6      | Reached skill level 7 in Ice Magic
  6108 | D:6      | Reached skill level 7 in Air Magic
  6108 | D:6      | Reached skill level 7 in Earth Magic
  6108 | D:6      | Reached skill level 7 in Poison Magic
  6144 | D:6      | Noticed Blork the orc
  6146 | D:6      | Killed Blork the orc
  6413 | D:7      | Reached skill level 4 in Stealth
  6420 | D:7      | Reached skill level 5 in Dodging
  6471 | D:7      | Reached * piety under Makhleb
  6683 | D:7      | Reached skill level 4 in Fighting
  6753 | D:7      | Reached XP level 10. HP: 57/67 MP: 0/0
  7258 | D:7      | Found a glowing silver altar of Zin.
  7337 | D:8      | Noticed Amaemon
  7337 | D:8      | Noticed an orange demon
  7337 | D:8      | Noticed a two-headed ogre
  7496 | D:7      | Killed a two-headed ogre
  7497 | D:7      | Reached skill level 5 in Fighting
  7497 | D:7      | Reached skill level 5 in Stealth
  7497 | D:7      | Reached skill level 8 in Spellcasting
  7497 | D:7      | Reached skill level 8 in Conjurations
  7497 | D:7      | Reached skill level 8 in Hexes
  7497 | D:7      | Reached skill level 8 in Summonings
  7497 | D:7      | Reached skill level 8 in Necromancy
  7497 | D:7      | Reached skill level 8 in Translocations
  7497 | D:7      | Reached skill level 8 in Transmutations
  7497 | D:7      | Reached skill level 8 in Fire Magic
  7497 | D:7      | Reached skill level 8 in Ice Magic
  7497 | D:7      | Reached skill level 8 in Air Magic
  7497 | D:7      | Reached skill level 8 in Earth Magic
  7497 | D:7      | Reached skill level 8 in Poison Magic
  7620 | D:8      | Killed an orange demon
  7751 | D:8      | Killed Amaemon
  7928 | D:8      | Noticed Maggie
  7940 | D:8      | Killed Maggie
  7941 | D:8      | Reached skill level 6 in Fighting
  7958 | D:8      | Reached skill level 9 in Spellcasting
  7958 | D:8      | Reached skill level 9 in Conjurations
  7958 | D:8      | Reached skill level 9 in Hexes
  7958 | D:8      | Reached skill level 9 in Summonings
  7958 | D:8      | Reached skill level 9 in Necromancy
  7958 | D:8      | Reached skill level 9 in Translocations
  7958 | D:8      | Reached skill level 9 in Transmutations
  7958 | D:8      | Reached skill level 9 in Fire Magic
  7958 | D:8      | Reached skill level 9 in Ice Magic
  7958 | D:8      | Reached skill level 9 in Air Magic
  7958 | D:8      | Reached skill level 9 in Earth Magic
  7958 | D:8      | Reached skill level 9 in Poison Magic
  7975 | D:8      | Noticed Grum
  7981 | D:8      | Killed Grum
  7983 | D:8      | Reached XP level 11. HP: 57/78 MP: 0/0
  7983 | D:8      | Learned a level 4 spell: Summon Lightning Spire
  8116 | D:8      | Noticed Pikel
  8324 | D:8      | Killed Pikel
  8600 | D:9      | Identified a scroll of acquirement
  8717 | D:9      | Reached skill level 7 in Fighting
  8909 | D:9      | Reached ** piety under Makhleb
  9232 | D:10     | Entered Level 10 of the Dungeon
  9232 | D:10     | Noticed a two-headed ogre
  9235 | D:10     | Reached skill level 1 in Evocations
  9369 | D:10     | Found a staircase to the Lair.
  9503 | D:10     | Noticed Joseph
  9511 | D:10     | Killed Joseph
  9512 | D:10     | Reached skill level 10 in Spellcasting
  9512 | D:10     | Reached skill level 10 in Conjurations
  9512 | D:10     | Reached skill level 10 in Hexes
  9512 | D:10     | Reached skill level 10 in Summonings
  9512 | D:10     | Reached skill level 10 in Necromancy
  9512 | D:10     | Reached skill level 10 in Translocations
  9512 | D:10     | Reached skill level 10 in Transmutations
  9512 | D:10     | Reached skill level 10 in Fire Magic
  9512 | D:10     | Reached skill level 10 in Ice Magic
  9512 | D:10     | Reached skill level 10 in Air Magic
  9512 | D:10     | Reached skill level 10 in Earth Magic
  9512 | D:10     | Reached skill level 10 in Poison Magic
  9517 | D:10     | Reached skill level 2 in Evocations
  9566 | D:10     | Killed a two-headed ogre
 10492 | D:11     | Noticed a red ugly thing
 10499 | D:11     | Killed a red ugly thing
 10500 | D:11     | Reached skill level 3 in Evocations
 11061 | D:11     | Reached skill level 8 in Fighting
 11061 | D:11     | Noticed a manticore
 11066 | D:11     | Killed a manticore
 11408 | D:11     | Found a runed translucent door.
 11409 | D:11     | Noticed LustLizard's ghost (novice DEAE)
 11548 | D:11     | Killed LustLizard's ghost
 11549 | D:11     | Reached XP level 12. HP: 72/87 MP: 0/0
 11915 | D:12     | Reached skill level 4 in Evocations
 12099 | D:12     | Found a transporter.
 12161 | D:12     | Found Tepony's Assorted Antiques.
 12182 | D:12     | Found a transporter.
 12336 | D:12     | Reached skill level 11 in Spellcasting
 12336 | D:12     | Reached skill level 11 in Conjurations
 12336 | D:12     | Reached skill level 11 in Hexes
 12336 | D:12     | Reached skill level 11 in Summonings
 12336 | D:12     | Reached skill level 11 in Necromancy
 12336 | D:12     | Reached skill level 11 in Translocations
 12336 | D:12     | Reached skill level 11 in Transmutations
 12336 | D:12     | Reached skill level 11 in Fire Magic
 12336 | D:12     | Reached skill level 11 in Ice Magic
 12336 | D:12     | Reached skill level 11 in Air Magic
 12336 | D:12     | Reached skill level 11 in Earth Magic
 12336 | D:12     | Reached skill level 11 in Poison Magic
 12433 | D:12     | Found a basalt altar of Yredelemnul.
 12604 | D:12     | Found a staircase to the Orcish Mines.
 12770 | D:12     | Bought a scroll labelled JEQIKHYMUI for 33 gold pieces
 12770 | D:12     | Bought a jewelled ivory wand for 132 gold pieces
 12770 | D:12     | Bought a fizzy golden potion for 29 gold pieces
 12770 | D:12     | Bought a brown potion for 29 gold pieces
 12929 | Lair:1   | Entered Level 1 of the Lair of Beasts
 12934 | Lair:1   | Reached skill level 5 in Evocations
 13250 | Lair:1   | Found a runed translucent door.
 13253 | Lair:1   | Identified the +2 spear "Fodorov" {holy, *Corrode rPois
                  | Dex+2 SInv}
 13253 | Lair:1   | Noticed knees's ghost (novice HOFi)
 13308 | Lair:1   | Reached skill level 9 in Fighting
 13487 | Lair:1   | Noticed Jeremiah
 13494 | Lair:1   | Reached *** piety under Makhleb
 13788 | Lair:1   | Killed Jeremiah
 14222 | Lair:1   | Killed knees's ghost
 14412 | Lair:2   | Found a staircase to the Swamp.
 14461 | Lair:2   | Found a staircase to the Snake Pit.
 14516 | Lair:2   | Reached skill level 6 in Evocations
 14608 | Lair:2   | Noticed a boulder beetle
 14614 | Lair:2   | Reached XP level 13. HP: 90/94 MP: 0/0
 14614 | Lair:2   | Learned a level 5 spell: Alistair's Intoxication
 15069 | Lair:2   | Noticed Fannar
 15075 | Lair:2   | Killed Fannar
 15079 | Lair:2   | Reached skill level 12 in Spellcasting
 15079 | Lair:2   | Reached skill level 12 in Conjurations
 15079 | Lair:2   | Reached skill level 12 in Hexes
 15079 | Lair:2   | Reached skill level 12 in Summonings
 15079 | Lair:2   | Reached skill level 12 in Necromancy
 15079 | Lair:2   | Reached skill level 12 in Translocations
 15079 | Lair:2   | Reached skill level 12 in Transmutations
 15079 | Lair:2   | Reached skill level 12 in Fire Magic
 15079 | Lair:2   | Reached skill level 12 in Ice Magic
 15079 | Lair:2   | Reached skill level 12 in Air Magic
 15079 | Lair:2   | Reached skill level 12 in Earth Magic
 15079 | Lair:2   | Reached skill level 12 in Poison Magic
 15287 | Lair:2   | Reached skill level 10 in Fighting
 15620 | Lair:3   | Reached skill level 7 in Evocations
 15923 | Lair:3   | Noticed Nergalle
 15930 | Lair:3   | Killed Nergalle
 16049 | Lair:3   | Reached **** piety under Makhleb
 16377 | Lair:3   | You are sucked into a shaft and drop 2 floors!
 16377 | Lair:5   | Entered Level 5 of the Lair of Beasts
 16699 | Lair:4   | Found a viscous altar of Jiyva.
 16699 | Lair:4   | Found a staircase to the Slime Pits.
 17104 | Lair:4   | Reached skill level 8 in Evocations
 17112 | Lair:4   | Reached skill level 1 in Long Blades
 17256 | Lair:4   | Reached skill level 13 in Spellcasting
 17256 | Lair:4   | Reached skill level 13 in Conjurations
 17256 | Lair:4   | Reached skill level 13 in Hexes
 17256 | Lair:4   | Reached skill level 13 in Summonings
 17256 | Lair:4   | Reached skill level 13 in Necromancy
 17256 | Lair:4   | Reached skill level 13 in Translocations
 17256 | Lair:4   | Reached skill level 13 in Transmutations
 17256 | Lair:4   | Reached skill level 13 in Fire Magic
 17256 | Lair:4   | Reached skill level 13 in Ice Magic
 17256 | Lair:4   | Reached skill level 13 in Air Magic
 17256 | Lair:4   | Reached skill level 13 in Earth Magic
 17256 | Lair:4   | Reached skill level 13 in Poison Magic
 17376 | Lair:4   | Found an ornate altar of the Wu Jian Council.
 17381 | Lair:4   | Found a hide-covered altar of Uskayaw.
 17798 | Lair:4   | Reached skill level 2 in Long Blades
 17798 | Lair:4   | Reached XP level 14. HP: 80/103 MP: 0/0
 18284 | Lair:4   | Reached skill level 3 in Long Blades
 18731 | Lair:3   | Reached skill level 9 in Evocations
 19036 | Lair:5   | Reached skill level 4 in Long Blades
 19422 | Lair:5   | Reached ***** piety under Makhleb
 19700 | Lair:5   | Reached skill level 14 in Spellcasting
 19700 | Lair:5   | Reached skill level 14 in Conjurations
 19700 | Lair:5   | Reached skill level 14 in Hexes
 19700 | Lair:5   | Reached skill level 14 in Summonings
 19700 | Lair:5   | Reached skill level 14 in Necromancy
 19700 | Lair:5   | Reached skill level 14 in Translocations
 19700 | Lair:5   | Reached skill level 14 in Transmutations
 19700 | Lair:5   | Reached skill level 14 in Fire Magic
 19700 | Lair:5   | Reached skill level 14 in Ice Magic
 19700 | Lair:5   | Reached skill level 14 in Air Magic
 19700 | Lair:5   | Reached skill level 14 in Earth Magic
 19700 | Lair:5   | Reached skill level 14 in Poison Magic
 19706 | Lair:5   | Reached skill level 5 in Long Blades
 20183 | Lair:5   | Reached skill level 10 in Evocations
 20193 | Lair:5   | Reached XP level 15. HP: 88/107 MP: 0/0
 20193 | Lair:5   | Learned a level 6 spell: Dispersal
 21133 | Orc:1    | Entered Level 1 of the Orcish Mines
 21333 | Orc:1    | Found Erov Hir's Jewellery Shop.
 21520 | Orc:2    | Entered Level 2 of the Orcish Mines
 21529 | Orc:2    | Found a gate leading to a gauntlet.
 21541 | Gauntlet | Entered a Gauntlet
 21541 | Gauntlet | Found a transporter.
 21541 | Gauntlet | Found a transporter.
 21545 | Gauntlet | Found a transporter.
 21545 | Gauntlet | Found a transporter.
 21557 | Gauntlet | Found a transporter.
 21566 | Gauntlet | Found a transporter.
 21574 | Gauntlet | Found a transporter.
 21574 | Gauntlet | Found a transporter.
 21578 | Gauntlet | Found a transporter.
 21586 | Gauntlet | Noticed a quicksilver ooze
 21605 | Gauntlet | Found a transporter.
 21634 | Gauntlet | Found a transporter.
 21680 | Gauntlet | Found a transporter.
 21694 | Gauntlet | Found a transporter.
 21703 | Gauntlet | Found the +5 Lochaber axe {reach-cleave, Poleaxe Drain}
 21707 | Gauntlet | Found a transporter.
 21799 | Gauntlet | Found a transporter.
 21813 | Gauntlet | Found a transporter.
 22116 | Gauntlet | Reached skill level 6 in Long Blades
 22200 | Gauntlet | Identified the ring "Burghehe" {EV+5 Int+5 Dex+2}
 22403 | Gauntlet | Identified the ring of Juisk {Str+4 Dex+5 SInv}
 22416 | Gauntlet | Identified the staff of Blood-Lust {rElec rN+ rCorr Necro}
 22715 | Orc:2    | Reached ****** piety under Makhleb
 23581 | Orc:2    | Found a staircase to the Elven Halls.
 23647 | Orc:2    | Noticed Snorg
 23654 | Orc:2    | Killed Snorg
 23744 | Orc:2    | Noticed Azrael
 23757 | Orc:2    | Killed Azrael
 23768 | Orc:2    | HP: 10/107 [fire elemental[Azrael] (2)]
 24233 | Orc:2    | Identified a +2 robe of resistance
 24272 | Orc:2    | Reached skill level 11 in Evocations
 24290 | Orc:2    | Found Zucro's Distillery.
 24379 | Orc:2    | Reached skill level 7 in Long Blades
 24379 | Orc:2    | Reached skill level 15 in Spellcasting
 24379 | Orc:2    | Reached skill level 15 in Conjurations
 24379 | Orc:2    | Reached skill level 15 in Hexes
 24379 | Orc:2    | Reached skill level 15 in Summonings
 24379 | Orc:2    | Reached skill level 15 in Necromancy
 24379 | Orc:2    | Reached skill level 15 in Translocations
 24379 | Orc:2    | Reached skill level 15 in Transmutations
 24379 | Orc:2    | Reached skill level 15 in Fire Magic
 24379 | Orc:2    | Reached skill level 15 in Ice Magic
 24379 | Orc:2    | Reached skill level 15 in Air Magic
 24379 | Orc:2    | Reached skill level 15 in Earth Magic
 24379 | Orc:2    | Reached skill level 15 in Poison Magic
 24543 | Orc:2    | Found Faq Vogo's Assorted Antiques.
 24544 | Orc:2    | Found Tezxude's General Store.
 24555 | Orc:2    | Found Leloj's Weapon Shop.
 24573 | Orc:2    | Bought a runed cloak for 210 gold pieces
 24615 | Orc:2    | Bought a potion of mutation for 120 gold pieces
 24615 | Orc:2    | Bought a potion of resistance for 150 gold pieces
 24616 | Orc:2    | Acquired the +5 demon blade "Impbane" {pain, rPois Str+3
                  | Int+2}
 24944 | Swamp:1  | Entered Level 1 of the Swamp
 25003 | Swamp:1  | Noticed Louise
 25131 | Swamp:1  | Killed Louise
 25150 | Swamp:1  | Reached skill level 1 in Shields
 25400 | Swamp:1  | Reached XP level 16. HP: 73/113 MP: 0/0
 25411 | Swamp:1  | HP: 5/113 [spore (21)]
 25757 | Swamp:1  | Reached skill level 2 in Shields
 26324 | Swamp:2  | Reached skill level 3 in Shields
 26794 | Swamp:2  | Identified the +3 pair of boots of the Stonemason {*Slow
                  | rElec Str+9 Dex-2}
 27142 | Swamp:3  | Reached skill level 8 in Long Blades
 27571 | Swamp:3  | Reached skill level 4 in Shields
 27763 | Swamp:4  | Entered Level 4 of the Swamp
 27843 | Swamp:4  | Identified the +1 pair of boots of Veduot {+Blink}
 27861 | Swamp:4  | Reached skill level 12 in Evocations
 28028 | Swamp:4  | Noticed a thorn hunter
 28684 | Swamp:4  | Killed a thorn hunter
 28973 | Swamp:4  | Reached skill level 5 in Shields
 28977 | Swamp:4  | HP: 10/113 [bunyip (19)]
 29391 | Swamp:4  | Reached skill level 16 in Spellcasting
 29391 | Swamp:4  | Reached skill level 16 in Conjurations
 29391 | Swamp:4  | Reached skill level 16 in Hexes
 29391 | Swamp:4  | Reached skill level 16 in Summonings
 29391 | Swamp:4  | Reached skill level 16 in Necromancy
 29391 | Swamp:4  | Reached skill level 16 in Translocations
 29391 | Swamp:4  | Reached skill level 16 in Transmutations
 29391 | Swamp:4  | Reached skill level 16 in Fire Magic
 29391 | Swamp:4  | Reached skill level 16 in Ice Magic
 29391 | Swamp:4  | Reached skill level 16 in Air Magic
 29391 | Swamp:4  | Reached skill level 16 in Earth Magic
 29391 | Swamp:4  | Reached skill level 16 in Poison Magic
 29468 | Swamp:4  | Reached XP level 17. HP: 61/119 MP: 0/0
 29468 | Swamp:4  | Learned a level 7 spell: Summon Hydra
 29683 | Swamp:4  | Noticed the 27-headed Lernaean hydra
 29703 | Swamp:4  | Killed the 27-headed Lernaean hydra
 29841 | Swamp:4  | Reached skill level 9 in Long Blades
 31095 | Swamp:4  | Reached skill level 6 in Shields
 31172 | Swamp:4  | Got a decaying rune of Zot
 31481 | Snake:1  | Entered Level 1 of the Snake Pit
 31931 | Snake:1  | Found Kiozuyk's Book Emporium.
 31967 | Snake:1  | Found Vifebleq's Distillery.
 32057 | Snake:1  | Found Agydot's Magic Scroll Shoppe.
 32061 | Snake:1  | Bought a scroll of noise for 15 gold pieces
 32061 | Snake:1  | Bought a scroll of blinking for 112 gold pieces
 32083 | Snake:1  | Found Zeluller's Weapon Boutique.
 32227 | Snake:2  | Upgraded the game from 0.31-a0-636-ge1c0e020e0 to
                  | 0.31-a0-640-g39d97e502b
 33035 | Snake:2  | Reached skill level 7 in Shields
 33179 | Snake:2  | Identified a +1 robe of resistance
 33339 | Snake:2  | Noticed Mlioglotl
 33365 | Snake:2  | Killed Mlioglotl
 33825 | Snake:2  | Reached skill level 10 in Long Blades
 33936 | Snake:2  | Identified the ring "Haorph" {Fly rN+ Dex+3}
 34479 | Snake:3  | Reached XP level 18. HP: 37/124 MP: 0/0
 34728 | Snake:3  | Reached skill level 17 in Spellcasting
 34728 | Snake:3  | Reached skill level 17 in Conjurations
 34728 | Snake:3  | Reached skill level 17 in Hexes
 34728 | Snake:3  | Reached skill level 17 in Summonings
 34728 | Snake:3  | Reached skill level 17 in Necromancy
 34728 | Snake:3  | Reached skill level 17 in Translocations
 34728 | Snake:3  | Reached skill level 17 in Transmutations
 34728 | Snake:3  | Reached skill level 17 in Fire Magic
 34728 | Snake:3  | Reached skill level 17 in Ice Magic
 34728 | Snake:3  | Reached skill level 17 in Air Magic
 34728 | Snake:3  | Reached skill level 17 in Earth Magic
 34728 | Snake:3  | Reached skill level 17 in Poison Magic
 34928 | Snake:3  | Identified the +2 chain mail "Mitim" {Dex+5}
 35077 | Snake:3  | Reached skill level 8 in Shields
 36070 | Snake:4  | Entered Level 4 of the Snake Pit
 36506 | Snake:4  | Noticed Saint Roka
 37264 | Snake:4  | Killed Saint Roka
 37940 | Snake:4  | Reached skill level 9 in Shields
 38579 | Snake:4  | Reached skill level 11 in Long Blades
 39522 | Snake:4  | Reached XP level 19. HP: 102/130 MP: 0/0
 39522 | Snake:4  | Learned a level 7 spell: Malign Gateway
 39646 | Snake:4  | Got a serpentine rune of Zot
 40651 | D:14     | Found a burning altar of Makhleb.
 40803 | D:14     | Reached skill level 10 in Shields
 40906 | D:14     | Reached skill level 18 in Spellcasting
 40906 | D:14     | Reached skill level 18 in Conjurations
 40906 | D:14     | Reached skill level 18 in Hexes
 40906 | D:14     | Reached skill level 18 in Summonings
 40906 | D:14     | Reached skill level 18 in Necromancy
 40906 | D:14     | Reached skill level 18 in Translocations
 40906 | D:14     | Reached skill level 18 in Transmutations
 40906 | D:14     | Reached skill level 18 in Fire Magic
 40906 | D:14     | Reached skill level 18 in Ice Magic
 40906 | D:14     | Reached skill level 18 in Air Magic
 40906 | D:14     | Reached skill level 18 in Earth Magic
 40906 | D:14     | Reached skill level 18 in Poison Magic
 40931 | D:14     | Found a gate to the Vaults.
 41244 | D:15     | Entered Level 15 of the Dungeon
 41358 | D:15     | Found a staircase to the Depths.
 41485 | D:15     | Noticed Jorgrun
 41519 | D:15     | Killed Jorgrun
 42676 | Elf:1    | Entered Level 1 of the Elven Halls
 43017 | Elf:1    | Reached skill level 12 in Long Blades
 43076 | Elf:1    | HP: 5/130 [deep elf archer/arrow (14)]
 43943 | Elf:1    | Reached skill level 11 in Shields
 44219 | Elf:1    | HP: 4/130 [deep elf knight/+3 long sword (18)]
 45135 | Elf:2    | Reached XP level 20. HP: 95/136 MP: 0/0
 45952 | Elf:2    | Identified the +2 scale mail of Sharp Surprise {rC+ Int+3}
 46363 | Elf:2    | Found a runed translucent gate.
 46364 | Elf:2    | Found a runed translucent gate.
 46364 | Elf:2    | Found a runed translucent gate.
 46402 | Elf:3    | Entered Level 3 of the Elven Halls
 46489 | Elf:3    | Reached skill level 19 in Spellcasting
 46489 | Elf:3    | Reached skill level 19 in Conjurations
 46489 | Elf:3    | Reached skill level 19 in Hexes
 46489 | Elf:3    | Reached skill level 19 in Summonings
 46489 | Elf:3    | Reached skill level 19 in Necromancy
 46489 | Elf:3    | Reached skill level 19 in Translocations
 46489 | Elf:3    | Reached skill level 19 in Transmutations
 46489 | Elf:3    | Reached skill level 19 in Fire Magic
 46489 | Elf:3    | Reached skill level 19 in Ice Magic
 46489 | Elf:3    | Reached skill level 19 in Air Magic
 46489 | Elf:3    | Reached skill level 19 in Earth Magic
 46489 | Elf:3    | Reached skill level 19 in Poison Magic
 46649 | Elf:3    | Found a portal to a secret trove of treasure.
 47563 | Elf:3    | Reached skill level 13 in Long Blades
 47666 | Elf:3    | Reached skill level 12 in Shields
 48030 | Elf:3    | Noticed Bai Suzhen
 48040 | Elf:3    | Killed Bai Suzhen
 48578 | Elf:3    | You paid a toll of +4 storm dragon scales to enter a
                  | treasure trove
 48579 | Trove    | Entered a treasure trove
 48581 | Trove    | Found the +15 Maxwell's patent armour {-Cast -Tele rElec
                  | Will+ rCorr}
 48581 | Trove    | Found the +3 pair of gauntlets of War {Slay+5}
 48603 | Trove    | Identified the +1 ring mail of the Beginning {rPois Will+}
 48609 | Trove    | Identified the +0 pair of gloves of Ignis {rElec Dex+3}
 48613 | Trove    | Identified the +0 kite shield of the Alphagorgon {*Corrode
                  | rF++ Regen+}
 48615 | Trove    | Identified the +0 kite shield "Lotyur" {Str+2}
 48632 | Trove    | Found the -2 hat of the Alchemist {rElec rPois rF+ rC+ rN+
                  | Will+ rMut rCorr}
 48633 | Trove    | Identified the +1 cloak of Deirreyx {*Corrode Will+ Dex+3}
 48637 | Trove    | Identified the +1 helmet "Goebben" {rPois}
 49255 | Elf:3    | Identified the +3 mace of Chaos {antimagic, Int+2 Stlth+}
 49286 | Elf:3    | Identified the ring of Ruadoh {rElec Will+ Int+3}
 49661 | Elf:3    | Identified the amulet "Kuitoig" {Regen+ rCorr Slay+3
                  | Stlth+}
 49875 | Elf:3    | Identified the +4 flail "Qash" {elec, Str+3}
 50136 | Elf:3    | Noticed an Ice Fiend
 50471 | Elf:3    | Identified the +2 scimitar of Intimidation {pain, Int+3
                  | Dex+3}
 50471 | Elf:3    | Identified the +4 ring mail of Fotuczoe {Dex+2}
 50471 | Elf:3    | Identified the amulet "Olilorax" {RegenMP rPois Str-2
                  | Dex+8}
 50490 | Elf:3    | Found the +7 hand cannon "Mule" {flame, backblast, rF+}
 50515 | Elf:3    | Identified the staff of the Keeping Penguin {rF+ MP+9 Str+3
                  | Fire}
 50595 | Elf:3    | Reached XP level 21. HP: 121/141 MP: 0/0
 50595 | Elf:3    | Learned a level 8 spell: Discord
 51090 | Vaults:1 | Entered Level 1 of the Vaults
 51329 | Vaults:1 | Noticed Donald
 51345 | Vaults:1 | Killed Donald
 51634 | Vaults:1 | Reached skill level 13 in Shields
 51965 | Vaults:1 | Reached skill level 14 in Long Blades
 52024 | Vaults:1 | Reached skill level 20 in Spellcasting
 52024 | Vaults:1 | Reached skill level 20 in Conjurations
 52024 | Vaults:1 | Reached skill level 20 in Hexes
 52024 | Vaults:1 | Reached skill level 20 in Summonings
 52024 | Vaults:1 | Reached skill level 20 in Necromancy
 52024 | Vaults:1 | Reached skill level 20 in Translocations
 52024 | Vaults:1 | Reached skill level 20 in Transmutations
 52024 | Vaults:1 | Reached skill level 20 in Fire Magic
 52024 | Vaults:1 | Reached skill level 20 in Ice Magic
 52024 | Vaults:1 | Reached skill level 20 in Air Magic
 52024 | Vaults:1 | Reached skill level 20 in Earth Magic
 52024 | Vaults:1 | Reached skill level 20 in Poison Magic
 52344 | Vaults:2 | Found Jits's Magic Scroll Emporium.
 52700 | Vaults:2 | Found Jioghips's General Store.
 52751 | Vaults:2 | Reached skill level 6 in Dodging
 52915 | Vaults:2 | Reached XP level 22. HP: 137/147 MP: 0/0
 53046 | Vaults:2 | Found Veli's Magic Scroll Shop.
 53062 | Vaults:2 | Found Neloschugg's Antique Weapon Emporium.
 53363 | Vaults:3 | Reached skill level 7 in Dodging
 53368 | Vaults:3 | Reached skill level 14 in Shields
 53392 | Vaults:3 | Found a flickering gateway to a bazaar.
 53426 | Bazaar   | Entered a bazaar
 53426 | Bazaar   | Found Qelothicw's General Store.
 53426 | Bazaar   | Found Tufirargh's Jewellery Shoppe.
 53426 | Bazaar   | Found Niehethu's Armour Shop.
 53428 | Bazaar   | Found Rimuo's Weapon Shoppe.
 53428 | Bazaar   | Found Umanni's Weapon Boutique.
 53451 | Bazaar   | Bought a throwing net for 36 gold pieces
 53462 | Bazaar   | Bought 2 potions of invisibility for 208 gold pieces
 53462 | Bazaar   | Bought 6 silver javelins for 702 gold pieces
 54022 | Vaults:3 | Reached skill level 8 in Dodging
 54304 | Vaults:3 | Noticed Frederick
 54309 | Vaults:3 | Killed Frederick
 54779 | Vaults:3 | Found a staircase to the Crypt.
 54780 | Vaults:3 | Found a basalt altar of Yredelemnul.
 55584 | Vaults:4 | Reached skill level 9 in Dodging
 55596 | Vaults:4 | Reached skill level 21 in Spellcasting
 55596 | Vaults:4 | Reached skill level 21 in Conjurations
 55596 | Vaults:4 | Reached skill level 21 in Hexes
 55596 | Vaults:4 | Reached skill level 21 in Summonings
 55596 | Vaults:4 | Reached skill level 21 in Necromancy
 55596 | Vaults:4 | Reached skill level 21 in Translocations
 55596 | Vaults:4 | Reached skill level 21 in Transmutations
 55596 | Vaults:4 | Reached skill level 21 in Fire Magic
 55596 | Vaults:4 | Reached skill level 21 in Ice Magic
 55596 | Vaults:4 | Reached skill level 21 in Air Magic
 55596 | Vaults:4 | Reached skill level 21 in Earth Magic
 55596 | Vaults:4 | Reached skill level 21 in Poison Magic
 56835 | Vaults:4 | Reached XP level 23. HP: 146/152 MP: 0/0
 56835 | Vaults:4 | Learned a level 8 spell: Lehudib's Crystal Spear
 56858 | Vaults:4 | Reached skill level 15 in Shields
 57100 | Vaults:2 | Bought a scroll of acquirement for 988 gold pieces
 57100 | Vaults:2 | Bought a scroll of blinking for 142 gold pieces
 57302 | D:10     | Acquired 907 gold pieces
 57492 | Depths:1 | Entered Level 1 of the Depths
 57939 | Depths:1 | Noticed the Enchantress
 57946 | Depths:1 | Killed the Enchantress
 57955 | Depths:1 | Reached skill level 10 in Dodging
 58038 | Depths:1 | Found a gateway to Hell.
 58111 | Depths:1 | Reached skill level 6 in Armour
 58186 | Depths:1 | Found a one-way gate leading to the halls of Pandemonium.
 58203 | Depths:1 | Reached skill level 6 in Stealth
 58368 | Depths:1 | You are sucked into a shaft and drop 1 floor!
 58405 | Depths:2 | Noticed Aizul
 58424 | Depths:2 | Killed Aizul
 58432 | Depths:2 | HP: 12/152 [frost giant/bolt of cold (17)]
 58534 | Depths:2 | Found a magical portal.
 58547 | WizLab   | Entered Zonguldrok's Shrine
 59023 | WizLab   | Noticed an antique lich
 59044 | WizLab   | Killed an antique lich
 59076 | WizLab   | Found the +9 sword of Zonguldrok {reap}
 59198 | Depths:2 | Reached skill level 7 in Armour
 59432 | Depths:2 | Noticed a caustic shrike
 59444 | Depths:2 | Killed a caustic shrike
 59454 | Depths:2 | Reached skill level 7 in Stealth
 59475 | Depths:2 | Paralysed by a floating eye for 3 turns
 59739 | Depths:2 | Reached XP level 24. HP: 158/158 MP: 0/0
 59787 | Depths:2 | Noticed Vv
 59800 | Depths:2 | Killed Vv
 60101 | Depths:2 | Noticed Nikola
 60105 | Depths:2 | Killed Nikola
 60501 | Depths:2 | Reached skill level 8 in Armour
 60569 | Depths:2 | Found a runed translucent door.
 60578 | Depths:2 | Found Femitaf's Antique Armour Emporium.
 60582 | Depths:2 | Bought a glowing cloak for 255 gold pieces
 61164 | Depths:2 | Noticed HilariousDeathArtist's ghost (adept OgEE)
 61181 | Depths:2 | Reached skill level 22 in Spellcasting
 61181 | Depths:2 | Reached skill level 22 in Conjurations
 61181 | Depths:2 | Reached skill level 22 in Hexes
 61181 | Depths:2 | Reached skill level 22 in Summonings
 61181 | Depths:2 | Reached skill level 22 in Necromancy
 61181 | Depths:2 | Reached skill level 22 in Translocations
 61181 | Depths:2 | Reached skill level 22 in Transmutations
 61181 | Depths:2 | Reached skill level 22 in Fire Magic
 61181 | Depths:2 | Reached skill level 22 in Ice Magic
 61181 | Depths:2 | Reached skill level 22 in Air Magic
 61181 | Depths:2 | Reached skill level 22 in Earth Magic
 61181 | Depths:2 | Reached skill level 22 in Poison Magic
 61191 | Depths:2 | Killed HilariousDeathArtist's ghost
 61763 | Depths:3 | Reached skill level 8 in Stealth
 61942 | Depths:3 | Found a one-way gateway to a ziggurat.
 62046 | Depths:3 | Found a one-way gate to the infinite horrors of the Abyss.
 62225 | Depths:3 | Reached skill level 9 in Armour
 62881 | Depths:3 | Noticed a juggernaut
 62889 | Depths:3 | Killed a juggernaut
 62999 | Depths:4 | Entered Level 4 of the Depths
 63306 | Depths:4 | Reached skill level 15 in Long Blades
 63617 | Depths:4 | Reached XP level 25. HP: 157/163 MP: 0/0
 63617 | Depths:4 | Learned a level 8 spell: Borgnjor's Revivification
 63626 | Depths:4 | Reached skill level 9 in Stealth
 63778 | Depths:4 | Found a gate to the Realm of Zot.
 63951 | Depths:4 | Reached skill level 10 in Armour
 64575 | Slime:1  | Entered Level 1 of the Pits of Slime
 64639 | Slime:1  | Found a viscous altar of Jiyva.
 67027 | Slime:4  | Reached skill level 11 in Armour
 67099 | Slime:4  | Gained mutation: Your body sometimes deteriorates upon
                  | taking damage. [a shining eye]
 68241 | Crypt:1  | Entered Level 1 of the Crypt
 68348 | Crypt:1  | Reached skill level 10 in Stealth
 68748 | Crypt:1  | Slain by a phantasmal warrior

Vanquished Creatures
  An ancient lich (WizLab)
  Vv (Depths:2)
  Bai Suzhen (Elf:3)
  A caustic shrike (Depths:2)
  Nikola (Depths:2)
  Mlioglotl (Snake:2)
  A lich (Depths:2)
  A tentacled monstrosity (Depths:2)
  Jorgrun (D:15)
  2 deep elf master archers (Elf:3)
  5 sphinxes (Vaults:1 Vaults:4 Depths:2 Depths:3)
  9 acid blobs (Slime:1 Slime:2 Slime:3)
  3 ancient champions (WizLab Crypt:1)
  2 tengu reavers (Depths:1 Depths:2)
  2 shadow dragons (Depths:2 Depths:4)
  A fenstrider witch (shapeshifter) (Depths:2)
  A thorn hunter (Swamp:4)
  Donald (Vaults:1)
  5 azure jellies (Slime:2 Slime:3 Slime:4)
  2 nagarajas (Snake:4)
  6 fire giants (Vaults:1 Depths:1 Depths:2 Depths:3 Depths:4)
  5 rockslimes (Slime:2 Slime:3 Slime:4)
  3 storm dragons (Depths:2 Depths:3)
  5 vault wardens (Vaults:2 Vaults:3 Vaults:4)
  9 frost giants (Depths:2 Depths:3 Depths:4)
  A balrug (Depths:1)
  2 deep elf sorcerers (Elf:3)
  An iron dragon (Depths:3)
  4 quicksilver oozes (Slime:1 Slime:3)
  5 spriggan defenders (Depths:1 Depths:3)
  A deep elf elementalist (Elf:3)
  18 ironbound preservers (Vaults:1 Vaults:2 Vaults:3 Vaults:4)
  3 very ugly things (Depths:2)
  3 formless jellyfish (Slime:3)
  9 stone giants (Depths:2 Depths:3 Depths:4)
  2 vampire knights (Depths:2)
  5 ironbound thunderhulks (Vaults:1 Vaults:2 Vaults:3)
  2 deep elf demonologists (Elf:3)
  4 deep elf annihilators (Elf:1 Elf:3)
  3 eleionomae (Swamp:1 Swamp:4)
  A yellow draconian (Depths:4)
  A minotaur (Gauntlet)
  Azrael (Orc:2)
  4 spark wasps (Depths:1 Depths:2)
  A purple draconian (Depths:4)
  5 bunyips (Swamp:1 Swamp:3 Swamp:4)
  A dire elephant (Gauntlet)
  6 deep elf death magi (Elf:3 Vaults:1 Vaults:3 Vaults:4)
  7 fire dragons (D:15 Depths:1 Depths:2 Depths:3 Depths:4)
  2 entropy weavers (Vaults:1 Vaults:3)
  6 jiangshi (Depths:1 Crypt:1)
  8 great orbs of eyes (Vaults:2 Vaults:3 Vaults:4 Slime:3 Slime:4)
  A merfolk impaler (Depths:3)
  9 yaktaur captains (Vaults:1 Vaults:2 Vaults:3 Vaults:4 Depths:4)
  7 ettins (Vaults:1 Vaults:2 Depths:2 Depths:4)
  3 salamander tyrants (Snake:2 Snake:4)
  7 spriggan air magi (Depths:1 Depths:2 Depths:3)
  A peacekeeper (Vaults:3)
  4 vault guards (Vaults:1 Vaults:3)
  A deep elf high priest (Elf:3)
  Fannar (Lair:2)
  6 ice dragons (Depths:1 Depths:2 Depths:3 Depths:4)
  10 ironbound frosthearts (Vaults:1 Vaults:2 Vaults:3 Vaults:4)
  8 alligators (Swamp:1 Swamp:2 Swamp:4)
  A ghost crab (Swamp:3)
  3 anacondas (Snake:2 Snake:3 Snake:4)
  3 catoblepae (Lair:5 D:13 D:15)
  13 hydras (Lair:5 Swamp:2 Swamp:3 Swamp:4 D:14)
  An ogre mage (Vaults:4)
  4 centaur warriors (D:13 D:14 D:15 Vaults:1)
  3 two-headed ogres (D:7 D:10 Orc:2)
  11 death yaks (Lair:4 Lair:3 Lair:5)
  8 naga warriors (Snake:2 Snake:3 Snake:4)
  A boulder beetle (Lair:2)
  6 dancing weapons (Elf:1 Elf:2 Elf:3)
  2 deep troll shamans (Depths:3 Depths:4)
  A thrashing horror (Gauntlet)
  A deep troll earth mage (Depths:4)
  6 spriggan berserkers (Depths:2 Depths:3 Depths:4)
  3 vampire magi (Depths:1 Depths:3 Crypt:1)
  2 orc high priests (Orc:2)
  7 naga sharpshooters (Snake:2 Snake:4)
  10 deep elf knights (Elf:1 Elf:2 Elf:3 Vaults:3)
  13 hell knights (Depths:1 Depths:2 Depths:3 Depths:4)
  5 soul eaters (Depths:1)
  3 sun demons (Depths:1 Depths:2)
  Amaemon (D:8)
  An iron troll (Depths:1)
  5 shock serpents (Snake:1 Snake:3 Snake:4)
  13 skeletal warriors (WizLab Crypt:1)
  2 goliath frogs (Swamp:1 Swamp:3)
  4 salamander mystics (Snake:2 Depths:1 Depths:3)
  A sea snake (shapeshifter) (Elf:2)
  The ghost of LustLizard the Zephyrmancer, a novice DEAE of Hepliaklqana (D:11)
  2 sixfirhies (Depths:2)
  50 deep trolls (Vaults:1 Vaults:2 Vaults:3 Vaults:4 Depths:3)
  6 glowing orange brains (Vaults:2 Vaults:3 Vaults:4 Depths:1 Depths:4)
  3 spriggan druids (Swamp:1 Swamp:4)
  7 swamp dragons (Swamp:4)
  6 deep elf archers (Elf:1 Elf:2 Elf:3)
  4 anaconda skeletons (Snake:2)
  An anaconda zombie (Snake:2)
  Pikel (D:8)
  3 naga ritualists (Snake:1 Snake:2 Snake:4)
  3 phantasmal warriors (Depths:2 Crypt:1)
  11 wizards (Elf:1 Vaults:1 Vaults:2 Vaults:3 Vaults:4)
  2 bog bodies (Swamp:3 Swamp:4)
  A glowing shapeshifter (Depths:4)
  3 lindwurms (Lair:2 Vaults:1 Vaults:2)
  3 harpies (Vaults:3)
  2 necromancers (Vaults:4 Depths:3)
  6 orc knights (Orc:2 Vaults:1 Vaults:2)
  18 deep elf pyromancers (D:12 D:13 Elf:1 Elf:2 Elf:3)
  12 deep elf zephyrmancers (Elf:1 Elf:2 Elf:3)
  14 ironbound convokers (Vaults:1 Vaults:2 Vaults:3 Vaults:4)
  9 mana vipers (Snake:1 Snake:2 Snake:4)
  34 ugly things (D:11 D:15 Vaults:1 Vaults:2 Vaults:3)
  6 orc sorcerers (Orc:2)
  2 cyclopes (D:13 D:14)
  A shining eye (Slime:1)
  20 salamanders (Snake:2 Snake:3 Snake:4 Depths:1 Depths:3)
  A will-o-the-wisp (Swamp:3)
  An oklob plant (Gauntlet)
  4 manticores (D:11 Lair:5 D:13)
  8 elephants (Lair:2 Lair:5 Gauntlet)
  20 black mambas (Lair:2 Lair:4 Lair:5 Snake:1 Snake:2)
  A guardian serpent (shapeshifter) (Elf:3)
  3 guardian serpents (Snake:3 Snake:4)
  8 naga magi (Snake:1 Snake:2 Snake:4)
  The ghost of knees the Cudgeller, a novice HOFi (Lair:1)
  10 vault sentinels (Vaults:1 Vaults:2 Vaults:3)
  A rust devil (Depths:2)
  6 smoke demons (Depths:1)
  Jeremiah (Lair:1)
  Joseph (D:10)
  An orange demon (D:8)
  2 gargoyles (D:11 D:12)
  2 torpor snails (Lair:4 Lair:5)
  3 nameless horrors (Snake:3 Elf:3)
  13 cane toads (Lair:1 Lair:2 Lair:3 Lair:4 Lair:5)
  An unseen horror (D:9)
  Maggie (D:8)
  A rime drake (Lair:2)
  3 kobold demonologists (D:10 D:12)
  19 yaktaurs (Vaults:1 Vaults:2 Vaults:3 Vaults:4)
  7 komodo dragons (Lair:2 Lair:3 Lair:5 Lair:4)
  A freezing wraith (D:14)
  A tormentor (Depths:2)
  An ice devil (Depths:1)
  An anaconda simulacrum (Snake:2)
  A red devil (Depths:1)
  A polar bear (Lair:1)
  3 trolls (Orc:1 Vaults:2)
  2 hellwings (Depths:1)
  9 hornets (D:7 Swamp:1 Swamp:2 Swamp:3 Swamp:4)
  A tengu simulacrum (Depths:3)
  9 tyrant leeches (Swamp:1 Swamp:2 Swamp:3 Swamp:4)
  8 blink frogs (Lair:2 Lair:3 Lair:5)
  4 dream sheep (Lair:5)
  64 slime creatures (D:12 D:14 Vaults:1 Vaults:2 Vaults:3)
  Grinder (D:4)
  Sigmund (D:3)
  4 flying skulls (Crypt:1)
  2 shadows (D:11)
  8 spriggans (Lair:1 Swamp:2 Swamp:3 Swamp:4 Depths:1)
  4 wyverns (D:9 Lair:2 Lair:3 Lair:5)
  6 vampires (D:11 D:14 WizLab)
  7 water elementals (Elf:1 Elf:2 Elf:3 Depths:3 Depths:4)
  3 wraiths (D:8 D:11 Crypt:1)
  Eustachio (D:4)
  9 fire elementals (Orc:2 Elf:1 Elf:2 Elf:3 Depths:3)
  A steam dragon (D:9)
  Grum (D:8)
  15 yaks (Lair:4 Lair:5)
  3 basilisks (Lair:1 Lair:5)
  2 redbacks (Vaults:1)
  2 chaos spawn (Depths:1 Depths:2)
  2 vampire mosquitoes (Swamp:1)
  Menkaure (Ossuary)
  7 swamp worms (Swamp:1 Swamp:2 Swamp:3 Swamp:4)
  Edmund (D:4)
  19 nagas (Lair:2 Snake:2 Snake:3 Snake:4)
  4 two-headed ogre zombies (WizLab)
  2 acid dragons (D:9 Gauntlet)
  6 hydra simulacra (Depths:3)
  9 water moccasins (D:5 D:7 Lair:1 Lair:2 Lair:5)
  A human skeleton (Depths:3)
  A sky beast (D:7)
  3 ice beasts (D:5 D:6)
  2 swamp drakes (Swamp:2 Swamp:4)
  A black bear (D:6)
  3 small abominations (Gauntlet)
  28 orc warriors (D:4 D:10 Orc:1 Orc:2 Snake:4)
  3 ogres (Orc:1 Orc:2)
  12 centaurs (D:6 D:8 D:12 D:13 D:15)
  3 lemures (D:8)
  14 wolves (D:8 Lair:1 D:10 Lair:3 Lair:5)
  A snapping turtle skeleton (Crypt:1)
  2 phantoms (D:6)
  3 kobold brigands (D:10 D:12)
  2 gnoll sergeants (D:5 D:7)
  6 bullfrogs (D:7 Lair:1 Lair:2)
  Blork the orc (D:6)
  2 necrophages (Swamp:4)
  2 scorpions (D:5 D:7)
  An earth elemental (Elf:2)
  10 wights (D:9 WizLab)
  5 troll zombies (WizLab)
  10 killer bees (D:8 D:9 D:10)
  7 howler monkeys (D:7 D:11 D:13)
  2 electric eels (Lair:1 Vaults:2)
  A jelly (D:5)
  2 hounds (D:7)
  Crazy Yiuf (D:4)
  9 orc priests (D:4 D:10 Orc:1 Orc:2 Vaults:2)
  A gnoll bouda (D:8)
  An iguana (D:5)
  2 sleepcaps (D:4 D:5)
  13 orc wizards (D:4 D:10 Orc:1 Orc:2 Elf:2)
  A hell rat (Lair:4)
  5 ogre zombies (WizLab)
  3 mummies (Ossuary)
  Robin (D:4)
  15 gnolls (D:5 D:7 D:8 D:10)
  5 adders (D:2 D:5 D:4 D:3)
  A white imp (D:6)
  2 ufetubi (D:5 D:6)
  3 worms (D:2 D:3 D:4)
  2 dart slugs (D:1 D:3)
  38 orcs (D:4 D:7 D:8 D:10 Orc:1)
  5 ball pythons (D:1 D:2)
  7 bats (D:1 D:2)
  5 endoplasms (D:1 D:2 D:3 D:4)
  3 giant cockroaches (D:1 D:3)
  12 goblins (D:1 D:4 D:3)
  8 hobgoblins (D:2 D:3 D:4)
  6 quokkas (D:1 D:2 D:3 D:4)
  4 frilled lizards (D:1 D:2 D:3)
  5 gnoll skeletons (Ossuary)
  4 gnoll zombies (Ossuary)
  7 goblin skeletons (Ossuary)
  4 goblin zombies (Ossuary)
  2 hobgoblin skeletons (Ossuary)
  3 hobgoblin zombies (Ossuary)
  12 kobolds (D:1 D:2 D:3 D:4 D:10)
  4 kobold skeletons (Ossuary)
  4 kobold zombies (Ossuary)
  2 orc skeletons (Ossuary)
  3 orc zombies (Ossuary)
  4 rats (D:1 D:3)
  5 rat skeletons (Ossuary)
  7 rat zombies (Ossuary)
1292 creatures vanquished.

Vanquished Creatures (collateral kills)
  A juggernaut (Depths:3)
  Saint Roka (Snake:4)
  the Lernaean hydra (Swamp:4)
  Frederick (Vaults:3)
  the Enchantress (Depths:1)
  The ghost of HilariousDeathArtist the Warrior, an adept OgEE of Cheibriados (Depths:2)
  2 acid blobs (Slime:3 Slime:4)
  3 deep elf blademasters (Elf:3)
  A sphinx (Depths:2)
  A deep elf master archer (Elf:3)
  Aizul (Depths:2)
  A frost giant (Depths:2)
  3 nagarajas (Snake:4)
  A draconian knight (Depths:4)
  2 vault wardens (Vaults:1 Vaults:3)
  Louise (Swamp:1)
  3 deep elf sorcerers (Elf:3)
  A draconian shifter (Depths:4)
  A ghoul (Swamp:4)
  A deep elf elementalist (Elf:3)
  An orc warlord (Vaults:1)
  A draconian annihilator (Depths:4)
  A quicksilver ooze (Slime:3)
  2 ironbound preservers (Vaults:1 Vaults:2)
  An ironbound thunderhulk (Vaults:2)
  3 stone giants (Depths:3 Depths:4)
  2 black draconians (Depths:4)
  4 deep elf demonologists (Elf:3 Vaults:3 Depths:3)
  6 deep elf annihilators (Elf:1 Elf:3 Vaults:1)
  6 deep elf death magi (Elf:2 Elf:3 Vaults:3)
  A white draconian (Depths:4)
  Snorg (Orc:2)
  2 yaktaur captains (Vaults:2)
  6 deep elf high priests (Elf:1 Elf:2 Elf:3 Vaults:3 Vaults:4)
  A shambling mangrove (Swamp:2)
  An entropy weaver (Vaults:2)
  3 salamander tyrants (Snake:3 Snake:4)
  2 hydras (Swamp:2 D:13)
  An ice dragon (Depths:4)
  A vault guard (Vaults:3)
  2 catoblepae (Lair:5)
  3 alligators (Swamp:1 Swamp:2 Swamp:3)
  6 anacondas (Snake:1 Snake:3 Snake:4)
  A boulder beetle (Lair:4)
  A centaur warrior (D:15)
  13 dancing weapons (Elf:1 Elf:2 Elf:3)
  8 death yaks (Lair:4 Lair:3 Lair:5)
  2 tengu warriors (D:14 Depths:3)
  2 hell hogs (Depths:1)
  5 deep troll shamans (Depths:1 Depths:3)
  2 naga warriors (Snake:2 Snake:3)
  8 naga sharpshooters (Snake:3 Snake:4)
  A shock serpent (Snake:3)
  A deep troll earth mage (Vaults:4)
  2 orc high priests (Orc:2 Elf:2)
  A spriggan berserker (Depths:3)
  7 deep elf knights (Elf:1 Elf:2)
  Nergalle (Lair:3)
  4 hell knights (Depths:1 Depths:2 Depths:4)
  A sun demon (Depths:1)
  4 skeletal warriors (WizLab Crypt:1)
  An anaconda zombie (Snake:2)
  2 iron trolls (Depths:1 Depths:3)
  2 goliath frogs (Swamp:1)
  A sea snake (shapeshifter) (Depths:2)
  2 spectral anacondas (Snake:2)
  A bog body (Swamp:4)
  4 salamander mystics (Snake:3 Depths:3)
  17 deep trolls (Vaults:1 Vaults:4 Depths:1 Depths:3)
  2 wizards (Elf:1 Vaults:4)
  A flayed ghost (Depths:3)
  An obsidian statue (Vaults:3)
  9 deep elf archers (Elf:1 Elf:2 Elf:3)
  2 ironbound convokers (Vaults:2 Vaults:4)
  2 swamp dragons (Swamp:4)
  A naga ritualist (Snake:3)
  3 orc knights (Orc:2 Vaults:1)
  A tengu zombie (Depths:3)
  12 deep elf zephyrmancers (Elf:1 Elf:2 Elf:3 Vaults:3)
  An anaconda skeleton (Snake:2)
  3 harpies (D:15)
  A necromancer (Vaults:4)
  3 mana vipers (Snake:1 Snake:3)
  3 shining eyes (Slime:1 Slime:4)
  17 deep elf pyromancers (D:14 Elf:1 Elf:2 Elf:3)
  3 oklob plants (Lair:4)
  7 salamanders (Snake:1 Snake:2 Snake:3 Snake:4 Depths:3)
  6 ugly things (D:13 D:15 Vaults:2 Depths:1)
  3 elephants (Lair:5)
  A guardian serpent (Snake:2)
  31 slime creatures (D:14 Vaults:2 Slime:1 Slime:2 Slime:3)
  8 black mambas (Snake:1 Snake:2 Snake:3 Snake:4)
  A vault sentinel (Vaults:4)
  9 naga magi (Snake:2 Snake:3 Snake:4)
  2 cane toads (Lair:2 Lair:3)
  A hellion (Depths:1)
  5 komodo dragons (Lair:1 Lair:3 Lair:4 Lair:5)
  2 yaktaurs (Vaults:3)
  4 tengu conjurers (D:14 Depths:3)
  An anaconda simulacrum (Snake:2)
  2 trolls (Orc:1 D:13)
  A bloated husk (Swamp:1)
  5 hornets (Swamp:1 Swamp:2 Swamp:3 Depths:3)
  2 tyrant leeches (Swamp:1 Swamp:3)
  3 blink frogs (Lair:5)
  3 dream sheep (Lair:5)
  2 flying skulls (Crypt:1)
  2 water elementals (Elf:2 Depths:3)
  7 spriggans (Swamp:1 Swamp:2 Depths:1 Depths:3)
  An air elemental (Elf:3)
  A wraith (D:13)
  11 yaks (Lair:4 Lair:5)
  2 fire elementals (Orc:2 Elf:1)
  3 basilisks (D:15)
  3 wargs (Snake:4 Snake:3)
  7 vampire mosquitoes (Swamp:1 D:14)
  2 swamp worms (Swamp:1 Swamp:3)
  18 nagas (Lair:2 Snake:1 Snake:2 Snake:3 Snake:4)
  2 acid dragons (D:10 Gauntlet)
  A hell hound (Orc:2)
  4 water moccasins (Lair:2 Lair:4 Lair:5)
  A hydra simulacrum (Depths:3)
  10 orc warriors (Orc:1 Orc:2 Snake:4)
  A floating eye (Depths:2)
  4 swamp drakes (Swamp:4)
  A black bear (Lair:3)
  A small abomination (Gauntlet)
  A boggart (Elf:1)
  5 wolves (Lair:1 Lair:3 Lair:5)
  An ogre (Orc:1)
  5 centaurs (D:12 D:13 D:15)
  An earth elemental (Elf:3)
  2 gnoll sergeants (D:10)
  A killer bee (D:10)
  2 troll zombies (WizLab)
  A howler monkey (D:11)
  5 orc priests (Orc:1 Orc:2)
  6 orc wizards (Orc:2 Orc:1)
  3 hell rats (Lair:5 Lair:4)
  2 gnolls (D:10)
  17 orcs (D:10 Orc:1 Orc:2 Elf:2)
  2 kobolds (D:9 D:12)
479 creatures vanquished.

Vanquished Creatures (others)
  8 eldritch tentacles (D:15 Elf:1 Elf:3 Vaults:3)
  A black draconian (Depths:4)
  A deep elf knight (Elf:1)
  A deep troll (Depths:3)
  An ironbound convoker (Vaults:4)
  A deep elf zephyrmancer (Elf:1)
  A deep elf pyromancer (Vaults:3)
  A necromancer (Depths:4)
  2 bloated husks (Swamp:1)
  A water elemental (Elf:1)
  A floating eye (Depths:2)
  A swamp drake (Swamp:4)
  A killer bee (D:10)
  2 foxfires (Swamp:3)
23 creatures vanquished.

Grand Total: 1794 creatures vanquished

Table legend: (Time is in decaauts)
 A = Elapsed time spent in this place.
 B = Non-inter-level travel time spent in this place.
 C = Inter-level travel time spent in this place.
 D = Time resting spent in this place.
 E = Time spent auto-exploring this place.
 F = Levels seen in this place.
 G = Mean time per level.
                   A        B        C        D        E       F      G
               +--------+--------+--------+--------+--------+-----+--------+
         Total |  68189 |  59445 |   8744 |  16363 |  28071 |  52 | 1311.3 |
       Dungeon |  17818 |  14151 |   3667 |   2819 |   8803 |  15 | 1187.9 |
        Temple |     48 |      2 |     46 |      0 |      0 |   1 |   48.0 |
          Lair |   9287 |   7970 |   1317 |   3257 |   3611 |   5 | 1857.4 |
         Swamp |   5330 |   4784 |    546 |   1600 |   2279 |   4 | 1332.5 |
     Snake Pit |   7863 |   7495 |    368 |   2877 |   2755 |   4 | 1965.8 |
    Slime Pits |   3247 |   2603 |    644 |    151 |   1406 |   4 |  811.8 |
  Orcish Mines |   3493 |   2721 |    772 |    880 |   1305 |   2 | 1746.5 |
   Elven Halls |   6674 |   6393 |    281 |   3064 |   1013 |   3 | 2224.7 |
        Vaults |   5640 |   4843 |    797 |    245 |   3143 |   4 | 1410.0 |
         Crypt |    466 |    466 |      0 |    109 |    179 |   1 |  466.0 |
        Depths |   5557 |   5254 |    303 |    747 |   2689 |   4 | 1389.2 |
        Bazaar |     45 |     45 |      0 |      0 |     32 |   1 |   45.0 |
         Trove |     71 |     71 |      0 |      0 |      3 |   1 |   71.0 |
       Ossuary |    973 |    973 |      0 |    213 |    479 |   1 |  973.0 |
        Wizlab |    517 |    517 |      0 |     12 |     41 |   1 |  517.0 |
      Gauntlet |   1151 |   1151 |      0 |    389 |    333 |   1 | 1151.0 |
               +--------+--------+--------+--------+--------+-----+--------+

Top non-repeatable levels by time:
   Elf:3: 2913 daAuts
 Snake:4: 2522 daAuts
   Orc:2: 2485 daAuts
    D:10: 2475 daAuts
 Snake:3: 2403 daAuts
Depths:2: 2283 daAuts
 Swamp:4: 2233 daAuts
 Snake:2: 2174 daAuts
  Lair:2: 2128 daAuts
   Elf:1: 2124 daAuts
  Lair:4: 2055 daAuts
    D:12: 1997 daAuts
Vaults:3: 1922 daAuts
  Lair:5: 1818 daAuts
  Lair:1: 1791 daAuts

Table legend:
 A = Non-vault XP
 B = Vault XP
 C = Vault XP percentage of total XP
 D = Non-vault monster count
 E = Vault monster count
 F = Vault count percentage of total count
                 A         B        C        D         E       F
            +---------+---------+-------+---------+---------+-------
      Total |  545426 |  355461 |  39.5 |    1169 |     606 |  34.1
            +---------+---------+-------+---------+---------+-------
        D:1 |      42 |       0 |   0.0 |      24 |       0 |   0.0
        D:2 |      49 |       0 |   0.0 |      14 |       0 |   0.0
        D:3 |      38 |     229 |  85.8 |      13 |       3 |  18.8
        D:4 |     207 |     800 |  79.4 |      21 |      14 |  40.0
        D:5 |     799 |       0 |   0.0 |      15 |       0 |   0.0
        D:6 |     600 |      94 |  13.5 |       7 |       1 |  12.5
        D:7 |    2081 |       0 |   0.0 |      21 |       0 |   0.0
        D:8 |     894 |    2845 |  76.1 |      15 |       9 |  37.5
        D:9 |    1296 |       0 |   0.0 |      10 |       0 |   0.0
       D:10 |    2048 |     673 |  24.7 |      20 |       4 |  16.7
       D:11 |    2467 |     760 |  23.6 |      10 |       1 |   9.1
       D:12 |    4003 |       0 |   0.0 |      21 |       0 |   0.0
       D:13 |    5589 |       0 |   0.0 |      14 |       0 |   0.0
       D:14 |    6915 |       0 |   0.0 |      17 |       0 |   0.0
       D:15 |    5195 |    6826 |  56.8 |      13 |      10 |  43.5
     Lair:1 |    1984 |    2518 |  55.9 |      11 |      11 |  50.0
     Lair:2 |    4929 |    2454 |  33.2 |      14 |       7 |  33.3
     Lair:3 |    5854 |     781 |  11.8 |      19 |       1 |   5.0
     Lair:4 |   11224 |    3831 |  25.4 |      22 |       9 |  29.0
     Lair:5 |   13936 |   11789 |  45.8 |      45 |      28 |  38.4
    Swamp:1 |   13919 |    1218 |   8.0 |      31 |       1 |   3.1
    Swamp:2 |    9409 |       0 |   0.0 |      19 |       0 |   0.0
    Swamp:3 |    8071 |       0 |   0.0 |      18 |       0 |   0.0
    Swamp:4 |   13021 |   16934 |  56.5 |      20 |      24 |  54.5
    Snake:1 |    9006 |       0 |   0.0 |      16 |       0 |   0.0
    Snake:2 |   15750 |    8436 |  34.9 |      32 |      12 |  27.3
    Snake:3 |   13303 |    6997 |  34.5 |      24 |      16 |  40.0
    Snake:4 |   26601 |   23122 |  46.5 |      49 |      43 |  46.7
    Slime:1 |   13841 |       0 |   0.0 |      21 |       0 |   0.0
    Slime:2 |   16025 |       0 |   0.0 |      33 |       0 |   0.0
    Slime:3 |   17203 |    3921 |  18.6 |      28 |       3 |   9.7
    Slime:4 |   11391 |       0 |   0.0 |      25 |       0 |   0.0
      Orc:1 |    2338 |     152 |   6.1 |      35 |       8 |  18.6
      Orc:2 |    2880 |   11396 |  79.8 |      20 |      33 |  62.3
      Elf:1 |   32127 |    7843 |  19.6 |      51 |      13 |  20.3
      Elf:2 |   23424 |    4116 |  14.9 |      40 |       5 |  11.1
      Elf:3 |   16107 |   38789 |  70.7 |      26 |      32 |  55.2
   Vaults:1 |   26629 |   21876 |  45.1 |      37 |      27 |  42.2
   Vaults:2 |   19394 |   25165 |  56.5 |      28 |      56 |  66.7
   Vaults:3 |   34053 |   17941 |  34.5 |      52 |      19 |  26.8
   Vaults:4 |   24226 |   19596 |  44.7 |      32 |      27 |  45.8
    Crypt:1 |   14414 |       0 |   0.0 |      23 |       0 |   0.0
   Depths:1 |   18208 |   21596 |  54.3 |      23 |      32 |  58.2
   Depths:2 |   26586 |   48159 |  64.4 |      34 |      41 |  54.7
   Depths:3 |   36582 |   17818 |  32.8 |      51 |      28 |  35.4
   Depths:4 |   18407 |   16432 |  47.2 |      22 |      16 |  42.1
    Ossuary |       0 |     278 | 100.0 |       0 |      54 | 100.0
     WizLab |   12361 |    4597 |  27.1 |      33 |       5 |  13.2
   Gauntlet |       0 |    5479 | 100.0 |       0 |      13 | 100.0
            +---------+---------+-------+---------+---------+-------
